 Dungeon Crawl Stone Soup version 0.32-a0-918-g0f22ef8d61 (webtiles) character file.

Game seed: 339052325277189132

17026294 Livid the Shapeless Octopus (level 27, 224/224 HPs)
             Began as an Octopode Shapeshifter on Apr 10, 2024.
             Was the Champion of Ru.
             Escaped with the Orb
             ... and 15 runes
             ... and 1 gem!
             The game lasted 03:57:07 (91897 turns).

Livid the Shapeless Octopus (OpSh)                 Turns: 91897, Time: 03:57:08

Health: 224/224    AC: 19    Str: 29    XL:     27
Magic:  57/57      EV: 94    Int: 13    God:    Ru [******]
Gold:   17485      SH:  0    Dex: 39    Spells: 34/80 levels left

rFire   + +          +
                       - Unarmed
rCold   + + +        (shield currently unavailable)
rNeg    + + .        e - melded +0 mask of the Dragon {Will+ Slay+3 SInv}
rPois   ∞            q - macabre finger necklace {Finger+ rN+}
rElec   +            l - ring "Piwyo" {rF+ rC+ rN+ Slay+2}
rCorr   +            Y - ring "Couvette" {Str+2 Int+3 Dex+6 Slay+3}
SInv    +            T - ring of the Hare {EV+10}
Will    +++..        G - ring "Culoqaic" {^Contam rC+ rCorr Int+2 Dex+7} Stlth
                     P - +5 ring of evasion
HPRegen 0.57/turn    f - ring "Edeigg" {rElec rC++ Will- Dex+6 SInv}
MPRegen 0.35/turn    D - ring "Zimux" {rF+ Will++}
                     J - ring of Isud {rElec rC+ MP+9 Dex+6 Stlth-}
                     X - ring "Piuskaj" {rF+ rC+ AC+4 Str+3 Int-5}

%: no passive effects
@: storm-form, flying, studying 5 skills
A: cleaving, insubstantial, flying, almost no armour, amphibious, 8 rings,
(camouflage 1), low MP 1, screaming 1, (gelatinous body 1), no stealth,
inability to use devices, hated by all, no fire magic, no hexes magic, no
necromancy magic, disrupted magic 1, (nimble swimmer 1), (tentacles), wild magic
1
0: Orb of Zot
}: 15/15 runes: decaying, slimy, silver, golden, iron, obsidian, icy, bone,
abyssal, demonic, glowing, magical, fiery, dark, gossamer
a: Blinkbolt, Begin Untransformation, Renounce Religion, Draw Out Power, Power
Leap, Apocalypse


You escaped.
You worshipped Ru.
Ru was exalted by your worship.
You were a lightning-filled tempest!
You visited 18 branches of the dungeon, and saw 88 of its levels.
You visited Pandemonium 2 times, and saw 18 of its levels.
You visited the Abyss 3 times.
You visited 1 bazaar.
You visited 1 ziggurat, and saw 12 of its levels.
You also visited: Wizlab.

You collected 20558 gold pieces.
You spent 3073 gold pieces at shops.

Inventory:

Armour
 e - the +0 mask of the Dragon (melded) {Will+ Slay+3 SInv}
   (You acquired it on level 3 of the Elven Halls)

   Slay+3:    It affects your accuracy & damage with ranged weapons and melee
   (+3).
   Will+:     It increases your willpower.
   SInv:      It lets you see invisible.
Jewellery
 a - the ring of Remnys {^Contam rC+ rN+ rCorr Str+5}
   (You found it in Pandemonium)

   [ring of positive energy]

   Str+5:     It affects your strength (+5).
   rC+:       It protects you from cold.
   rN+:       It protects you from negative energy.
   ^Contam:   It causes magical contamination when unequipped.
   rCorr:     It protects you from acid and corrosion.
 f - the ring "Edeigg" (on tentacle) {rElec rC++ Will- Dex+6 SInv}
   (You bought it in a shop on level 3 of the Elven Halls)

   [ring of dexterity]

   Dex+6:     It affects your dexterity (+6).
   rC++:      It greatly protects you from cold.
   rElec:     It insulates you from electricity.
   Will-:     It decreases your willpower.
   SInv:      It lets you see invisible.
 k - the ring "Cuxoor" {rElec rF+ Str-5 Dex+3}
   (You took it off Antaeus on level 7 of Cocytus)

   [ring of protection from fire]

   Str-5:     It affects your strength (-5).
   Dex+3:     It affects your dexterity (+3).
   rF+:       It protects you from fire.
   rElec:     It insulates you from electricity.
 l - the ring "Piwyo" (left tentacle) {rF+ rC+ rN+ Slay+2}
   (You took it off a balrug on level 7 of Gehenna)

   [ring of protection from fire]

   Slay+2:    It affects your accuracy & damage with ranged weapons and melee
   (+2).
   rF+:       It protects you from fire.
   rC+:       It protects you from cold.
   rN+:       It protects you from negative energy.
 q - the macabre finger necklace (around neck) {Finger+ rN+}
   (You bought it in a shop on level 3 of the Elven Halls)

   [amulet of nothing]

   Finger+:   It enables you to equip an extra ring.
   rN+:       It protects you from negative energy.
 C - the ring "Gifoohass" {rC+ rN+ Dex+6}
   (You found it in Pandemonium)

   [ring of dexterity]

   Dex+6:     It affects your dexterity (+6).
   rC+:       It protects you from cold.
   rN+:       It protects you from negative energy.
 D - the ring "Zimux" (on tentacle) {rF+ Will++}
   (You found it in Pandemonium)

   [ring of protection from fire]

   rF+:       It protects you from fire.
   Will++:    It greatly increases your willpower.
 E - the ring of Maaxzu {rPois rC- rN+ Will+++ Int-3}
   (You found it in Pandemonium)

   [ring of positive energy]

   Int-3:     It affects your intelligence (-3).
   rC-:       It makes you vulnerable to cold.
   rPois:     It protects you from poison.
   rN+:       It protects you from negative energy.
   Will+++:   It greatly increases your willpower.
 G - the ring "Culoqaic" (on tentacle) {^Contam rC+ rCorr Int+2 Dex+7}
   (You took it off a frost giant on level 5 of the Vaults)

   [ring of resist corrosion]

   Int+2:     It affects your intelligence (+2).
   Dex+7:     It affects your dexterity (+7).
   rC+:       It protects you from cold.
   ^Contam:   It causes magical contamination when unequipped.
   rCorr:     It protects you from acid and corrosion.
 I - the ring "Cadony" {rElec rPois rN++ Dex-2 SInv}
   (You found it on level 3 of the Crypt)

   [ring of see invisible]

   Dex-2:     It affects your dexterity (-2).
   rElec:     It insulates you from electricity.
   rPois:     It protects you from poison.
   rN++:      It greatly protects you from negative energy.
   SInv:      It lets you see invisible.
 J - the ring of Isud (on tentacle) {rElec rC+ MP+9 Dex+6 Stlth-}
   (You bought it in a shop on level 9 of the Dungeon)

   [ring of magical power]

   Dex+6:     It affects your dexterity (+6).
   rC+:       It protects you from cold.
   rElec:     It insulates you from electricity.
   MP+9:      It affects your magic capacity (+9).
   Stlth-:    It makes you less stealthy.
 K - the ring "Yggickoy" {rC+ rN++ Str+8 Int-5}
   (You found it on level 3 of the Crypt)

   [ring of protection from cold]

   Str+8:     It affects your strength (+8).
   Int-5:     It affects your intelligence (-5).
   rC+:       It protects you from cold.
   rN++:      It greatly protects you from negative energy.
 P - a +5 ring of evasion (on tentacle)
 Q - a ring of protection from fire
 S - the ring of the Leaf {rF+ rN+ rCorr Stlth-}
   (You found it on level 8 of a ziggurat)

   [ring of resist corrosion]

   rF+:       It protects you from fire.
   rN+:       It protects you from negative energy.
   rCorr:     It protects you from acid and corrosion.
   Stlth-:    It makes you less stealthy.
 T - the ring of the Hare (on tentacle) {EV+10}
   (You found it on level 3 of the Tomb of the Ancients)

   [ring of evasion]

   EV+10:     It affects your evasion (+10).
 V - the ring of the Heavens {rPois rF+ Int+6 Dex-3}
   (You found it on level 7 of the Iron City of Dis)

   [ring of intelligence]

   Int+6:     It affects your intelligence (+6).
   Dex-3:     It affects your dexterity (-3).
   rF+:       It protects you from fire.
   rPois:     It protects you from poison.
 W - the ring "Gelaun" {rElec rPois rN++ MP-9 Str+4}
   (You found it on level 9 of a ziggurat)

   [ring of poison resistance]

   Str+4:     It affects your strength (+4).
   rElec:     It insulates you from electricity.
   rPois:     It protects you from poison.
   rN++:      It greatly protects you from negative energy.
   MP-9:      It affects your magic capacity (-9).
 X - the ring "Piuskaj" (on amulet) {rF+ rC+ AC+4 Str+3 Int-5}
   (You took it off a deep elf demonologist on level 3 of the Elven Halls)

   [ring of protection]

   AC+4:      It affects your AC (+4).
   Str+3:     It affects your strength (+3).
   Int-5:     It affects your intelligence (-5).
   rF+:       It protects you from fire.
   rC+:       It protects you from cold.
 Y - the ring "Couvette" (right tentacle) {Str+2 Int+3 Dex+6 Slay+3}
   (You took it off a deep elf annihilator on level 3 of the Elven Halls)

   [ring of dexterity]

   Str+2:     It affects your strength (+2).
   Int+3:     It affects your intelligence (+3).
   Dex+6:     It affects your dexterity (+6).
   Slay+3:    It affects your accuracy & damage with ranged weapons and melee
   (+3).
Talismans
 y - a storm talisman (active)
 M - a granite talisman
Scrolls
 h - 25 scrolls of teleportation
 j - 15 scrolls of immolation
 o - 4 scrolls of fog
 p - 14 scrolls of enchant armour
 r - 13 scrolls of poison
 t - 5 scrolls of vulnerability
 v - 3 scrolls of revelation
 w - 7 scrolls of fear
 x - 4 scrolls of torment
 F - 9 scrolls of blinking
 N - 6 scrolls of silence
 Z - 2 scrolls of amnesia
Potions
 b - a potion of heal wounds
 c - 3 potions of cancellation
 d - 10 potions of ambrosia
 g - 23 potions of curing
 i - 3 potions of lignification
 m - 9 potions of enlightenment
 n - 4 potions of mutation
 s - 3 potions of resistance
 u - 8 potions of attraction
 z - 23 potions of brilliance
 A - 5 potions of magic
 B - 3 potions of invisibility
 H - 6 potions of haste
 L - 9 potions of might
 O - a potion of berserk rage
 R - a potion of experience


   Skills:
 O Level 27 Fighting
 O Level 27 Dodging
 O Level 27 Unarmed Combat
 O Level 27 Spellcasting
 O Level 27 Translocations
 + Level 11.7 Air Magic
 + Level 11.7 Earth Magic
 O Level 27 Shapeshifting


You had 34 spell levels left.
You knew the following spells:

 Your Spells              Type           Power      Damage    Failure   Level
a - Passwall              Erth           58%        N/A       1%          3
b - Vhi's Electric Charg  Tloc/Air       100%       N/A       1%          4
c - Blink                 Tloc           100%       N/A       1%          2
d - Lesser Beckoning      Tloc           100%       N/A       1%          2
e - Teleport Other        Tloc           85%        N/A       1%          3
f - Dispersal             Tloc           42%        N/A       1%          6
g - Manifold Assault      Tloc           42%        N/A       1%          7
h - Disjunction           Tloc           42%        N/A       1%          8
i - Maxwell's Capacitive  Air            29%        ∞         85%         8
j - Swiftness             Air            58%        N/A       1%          3

Your spell library contained the following spells:

 Spells                   Type           Power      Damage    Failure   Level
 Apportation              Tloc           100%       N/A       1%          1
 Shock                    Conj/Air       100%       1d9       1%          1
 Mercury Vapours          Alch/Air       84%        N/A       1%          2
 Momentum Strike          Conj/Tloc      100%       3d10      1%          2
 Maxwell's Portable Pile  Tloc           85%        2d(13-39) 1%          3
 Airstrike                Air            29%        2d(5-21)  1%          4
 Iskenderun's Mystic Bla  Conj/Tloc      62%        2d13      (+2d71%     4
 Passage of Golubria      Tloc           85%        N/A       1%          4
 Gell's Gavotte           Tloc           42%        2d(30-45) 1%          6
 Stone Arrow              Conj/Erth      84%        3d12      2%          3
 Lee's Rapid Deconstruct  Erth           29%        3d15*     2%          5
 Mephitic Cloud           Conj/Alch/Air  36%        N/A       4%          3
 Freeze                   Ice            88%        1d9       6%          1
 Magic Dart               Conj           88%        1d7       6%          1
 Sting                    Conj/Alch      88%        1d8       6%          1
 Brom's Barrelling Bould  Conj/Erth      42%        2d6       6%          4
 Leda's Liquefaction      Alch/Erth      21%        N/A       6%          4
 Petrify                  Alch/Erth      42%        N/A       6%          4
 Searing Ray              Conj           44%        2d6       9%          2
 Arcjolt                  Conj/Air       21%        1d31      12%         5
 Frozen Ramparts          Ice            44%        1d7       14%         3
 Hailstorm                Conj/Ice       22%        3d7       14%         3
 Fulminant Prism          Conj/Alch      11%        3d8       34%         4
 Olgreb's Toxic Radiance  Alch           22%        N/A       34%         4
 Bombard                  Conj/Erth      21%        9d4       43%         6
 Conjure Ball Lightning   Conj/Air       21%        3x3d6     43%         6
 Alistair's Intoxication  Alch           14%        N/A       65%         5
 Irradiate                Conj/Alch      11%        3d15      65%         5
 Iskenderun's Battlesphe  Conj           22%        2d8       65%         5
 Eringya's Noxious Bog    Alch           11%        4d6       99%         6
 Orb of Destruction       Conj           11%        9d6       100%        7
 Ozocubu's Refrigeration  Ice            11%        4d9       100%        7
 Lehudib's Crystal Spear  Conj/Erth      21%        10d6      100%        8
 Polar Vortex             Ice            11%        12d1*     100%        9
 Shatter                  Erth           29%        3d24*     100%        9
 Volatile Blastmotes      Fire/Tloc      Unusable   2d18      N/A         3
 Dimensional Bullseye     Hex/Tloc       Unusable   N/A       N/A         4
 Necrotise                Necr           Unusable   1d8       N/A         1
 Animate Armour           Summ/Erth      Unusable   N/A       N/A         4
 Ensorcelled Hibernation  Hex/Ice        Unusable   N/A       N/A         2
 Jinxbite                 Hex            Unusable   N/A       N/A         2
 Borgnjor's Vile Clutch   Necr/Erth      Unusable   N/A       N/A         5
 Silence                  Hex/Air        Unusable   N/A       N/A         5
 Dazzling Flash           Conj/Hex       Unusable   N/A       N/A         3
 Fugue of the Fallen      Necr           Unusable   N/A       N/A         3
 Inner Flame              Hex/Fire       Unusable   N/A       N/A         3
 Tukima's Dance           Hex            Unusable   N/A       N/A         3
 Anguish                  Hex/Necr       Unusable   N/A       N/A         4
 Cause Fear               Hex            Unusable   N/A       N/A         4
 Summon Blazeheart Golem  Fire/Summ      Unusable   N/A       N/A         4
 Curse of Agony           Necr           Unusable   N/A       N/A         5
 Fireball                 Conj/Fire      Unusable   3d7       N/A         5
 Metabolic Englaciation   Hex/Ice        Unusable   N/A       N/A         5
 Yara's Violent Unravell  Hex/Alch       Unusable   3d6       N/A         5
 Death Channel            Necr           Unusable   N/A       N/A         6
 Sculpt Simulacrum        Ice/Alch       Unusable   N/A       N/A         6
 Enfeeble                 Hex            Unusable   N/A       N/A         7
 Haunt                    Necr/Summ      Unusable   N/A       N/A         7
 Spellforged Servitor     Conj/Summ      Unusable   N/A       N/A         7
 Borgnjor's Revivificati  Necr           Unusable   N/A       N/A         8
 Ignition                 Fire           Unusable   3d5       N/A         8
 Death's Door             Necr           Unusable   N/A       N/A         9

Dungeon Overview and Level Annotations

Branches:
Dungeon (15/15)            Temple (1/1) D:5            Lair (5/5) D:11
  Swamp (4/4) Lair:3       Spider (4/4) Lair:3        Slime (5/5) Lair:5
    Orc (2/2) D:10            Elf (3/3) Orc:2        Vaults (5/5) D:13
  Crypt (3/3) Vaults:2       Tomb (3/3) Crypt:3      Depths (4/4) D:15
   Hell (visited)             Dis (7/7) Hell            Geh (7/7) Hell
    Coc (7/7) Hell            Tar (7/7) Hell            Zot (5/5) Depths:4
 WizLab (visited)

Altars:
Ashenzari
Cheibriados
Dithmenos
Elyvilon
Gozag
Kikubaaqudgha
Makhleb
Nemelex Xobeh
Okawaru
Qazlal
Ru
Sif Muna
Trog
Uskayaw
Vehumet
Wu Jian
Xom
Zin
The Shining One

Shops:
D:2 *   D:4 :   D:7 *   D:9 =[*   D:13 [[(   D:14 (   D:15 :(?*   Orc:2 (*::
Elf:3 ==[=   Vaults:4 (   Vaults:5 (   Depths:4 *

Portals:
Hell: Depths:1 Depths:2 Depths:3 Depths:4
Abyss: Depths:2 Depths:3
Pandemonium: Depths:2 Depths:3 Depths:4
Ziggurat: Depths:1

Annotations:
D:8 1 runed translucent door
Elf:2 4 runed translucent doors
Depths:3 Boris


Innate Abilities, Weirdness & Mutations

You are a lightning-filled tempest!
Your electrical attacks strike out in all directions at once.
You are incredibly evasive.
Your insubstantial body is immune to petrification, constriction, and being set on fire You are flying.
Your armour is entirely melded.
You are incapable of wielding weapons or throwing items.
You cannot wear most types of armour.
You are amphibious.
You can wear up to eight rings at the same time.
You are immune to poison.
((Your skin changes colour to match your surroundings (Stealth+).))
Your magical capacity is low. (-10% MP)
You occasionally shout uncontrollably at your foes.
((Your rubbery body absorbs attacks. (AC +1, EV +1)))
You cannot be stealthy.
You cannot study or use magical devices.
You are hated by all.
You cannot study or cast Fire magic.
You cannot study or cast Hexes magic.
You cannot study or cast Necromancy magic.
Your casting is slightly disrupted.
((You are camouflaged when in or above water. (Stealth+)))
((You have tentacles for arms and can constrict up to eight enemies at once.))
Your spells are a little harder to cast, but a little more powerful.


Message History

You hit Ituacw. Lightning courses through Ituacw!
Ituacw is lightly wounded.
Ituacw completely misses you.
You closely miss Ituacw. Your punch misses Ituacw.
Ituacw is lightly wounded.
Ituacw completely misses you.
You batter Ituacw!!
Ituacw is lightly wounded.
Ituacw completely misses you.
You miss Ituacw. Your punch misses Ituacw.
Ituacw is lightly wounded.
You blast Ituacw!!!!
Lightning courses through Ituacw! Your punch misses Ituacw.
Ituacw is heavily wounded.
Ituacw misses you.
You blast Ituacw!!!!
Lightning courses through Ituacw!
Ituacw is almost dead.
Ituacw is stunned by your conviction and fails to attack.
You completely miss Ituacw. Your punch misses Ituacw.
Ituacw is almost dead.
Ituacw hits you.
You feel your attacks grow feeble.
You miss Ituacw.
Ituacw is almost dead.
Ituacw completely misses you.
You blast Ituacw!!!!
You kill Ituacw!
No target in view!
What level of the Dungeon? (default 1, ? - help)
There is a stone staircase leading up here.
You fly upwards.
There is a stone staircase leading down here.
What level of the Dungeon? (default 1, ? - help) You're already here!
Your attacks no longer feel as feeble.
Magic restored.
HP restored.
There is a staircase leading out of the dungeon here.
You can't go down here!
You have escaped!

# #...######........########
#..........##.....# #####
#...####...####...# #.... ####
#...#####.## ###.# #.### ...#
#.....##.## ####.####.### ...#
#...#.##..# ##....#.###...
##.######.#..#...###........#####
.............##...##.....##..#...
##.#####.....##.v.....######...##
##.# ####..#........# ####..##
...# #......##...###....## ####
###..#.######...#...## #
##.##.#..## ###....## #
#.....##..# #....# #
###>######.## ##....# # #.....#
#..####...### # #.....#
#.......###


There were no monsters in sight!

Vanquished Creatures
  Cerebov (Pan)
  Antaeus (Coc:7)
  the Royal Jelly (Slime:5)
  Dissolution (Slime:2)
  Asmodeus (Geh:7)
  Ereshkigal (Tar:7)
  Mnoleg (Pan)
  Gloorx Vloq (Pan)
  A seraph (Pan)
  Lom Lobon (Pan)
  10 dread liches
  the Serpent of Hell (Coc:7)
  Dispater (Dis:7)
  6 ancient liches
  2 orbs of fire (Zot:5)
  Mennas (Vaults:3)
  19 pandemonium lords
  28 royal mummies
  Vv (Crypt:2)
  14 shard shrikes
  Boris (thrice) (Depths:4 Crypt:2 Tomb:1)
  9 Killer Klowns
  Saint Roka (Vaults:1)
  37 caustic shrikes
  Geryon (Hell)
  3 curse toes
  12 profane servitors
  8 golden dragons
  2 pearl dragons (Pan)
  Arachne (Spider:2)
  12 bone dragons
  18 Tzitzimimeh
  10 doom hounds
  13 Brimstone Fiends
  5 electric golems
  9 hellephants
  14 tentacled monstrosities
  3 spectral shard shrikes
  11 iron giants
  24 Ice Fiends
  24 Hell Sentinels
  12 liches
  13 tainted leviathans
  28 Orb Guardians
  A shard shrike skeleton (Abyss:3)
  A moon troll (WizLab)
  17 titans
  Zenata (Vaults:4)
  17 searing wretches
  A deep elf blademaster (Elf:3)
  8 quicksilver dragons
  A walking earthen tome (Depths:4)
  Asterion (Vaults:1)
  34 Executioners (Pan)
  14 death cobs
  A deep elf master archer (Elf:3)
  Murray (Hell)
  3 walking frostbound tomes (Pan)
  35 ancient champions
  Grunn (Crypt:2)
  13 tentacled starspawn
  An eldritch tentacle (Pan)
  14 acid blobs
  3 thorn hunters
  Agnes (D:15)
  10 sphinxes
  Kirke (Lair:4)
  8 tengu reavers
  14 shadow dragons
  8 revenants
  Aizul (Spider:3)
  11 protean progenitors
  13 fire giants
  21 storm dragons
  Donald (Spider:4)
  4 azure jellies
  14 narguns
  A fenstrider witch (Pan)
  10 draconian monks
  10 rockslimes
  11 draconian knights
  11 quicksilver elementals
  9 frost giants
  A frost giant (shapeshifter) (Zig:5)
  12 demonspawn warmongers (Pan)
  Roxanne (D:15)
  22 daevas
  A nagaraja (Pan)
  5 emperor scorpions (Spider:4)
  5 deep elf elementalists (Elf:3)
  19 vault wardens
  4 iron dragons
  8 deep elf sorcerers
  2 spectral caustic shrikes
  5 curse skulls
  4 draconian shifters
  10 draconian scorchers
  21 reapers
  30 angels (Pan)
  18 cacodemons
  7 ghost moths
  38 balrugs
  9 ghouls
  6 draconian stormcallers
  4 shard shrike simulacra
  7 caustic shrike skeletons
  5 orc warlords
  2 spectral juggernauts (Tar:4)
  6 demonspawn corrupters (Pan)
  35 very ugly things
  18 ironbound preservers
  3 spriggan defenders
  9 demonspawn blood saints
  6 formless jellyfish
  11 draconian annihilators
  6 quicksilver oozes (Slime:5)
  15 ophanim (Pan)
  4 broodmothers
  29 apis (Pan)
  5 juggernaut skeletons (Pan)
  27 stone giants
  13 ironbound thunderhulks
  17 putrid mouths
  6 eleionomae
  9 deep elf demonologists
  10 vampire knights
  28 elemental wellsprings
  10 deep elf death magi
  A rockslime zombie (Crypt:1)
  The ghost of bigdog255 the Unseen, a journeyman SpEn of Dithmenos (Swamp:1)
  16 black draconians
  8 bunyips
  10 demonspawn black suns (Pan)
  22 purple draconians
  7 green draconians
  9 spark wasps
  12 dire elephants
  8 lorocyprocas (Pan)
  12 deep elf annihilators
  28 war gargoyles
  11 wendigos
  16 red draconians
  3 spectral titans
  8 bennus
  10 yellow draconians
  11 eidola
  16 white draconians
  28 blizzard demons
  A crystal guardian (WizLab)
  89 slime creatures
  12 green deaths
  3 fire dragons (Depths:4)
  2 spectral quicksilver dragons (Tar:1)
  13 jiangshi
  16 iron golems
  25 mummy priests
  A spectral iron giant (Tar:4)
  14 ettins
  3 shambling mangroves (Swamp:4)
  5 deep elf high priests
  18 yaktaur captains
  3 entropy weavers
  18 rakshasas
  13 great orbs of eyes
  14 ice dragons
  2 spectral spriggans
  14 hydras
  6 spriggan air magi
  A peacekeeper (Vaults:1)
  6 jorogumos
  14 salamander tyrants
  43 vault guards
  10 ironbound frosthearts
  5 juggernaut simulacra
  3 hell beasts (Pan)
  6 ogre magi
  An anaconda (shapeshifter) (Vaults:5)
  5 radroaches
  17 caustic shrike simulacra
  A merfolk avatar (Lair:5)
  2 catoblepae
  14 centaur warriors
  3 death knights
  3 ghost crabs
  16 alligators
  18 boulder beetles
  2 death yaks (Pan)
  A merfolk aquamancer (Pan)
  6 deep troll shamans
  9 tengu warriors
  87 death scarabs
  A spectral stone giant (Tar:2)
  A sphinx skeleton (Vaults:2)
  35 hell hogs
  24 two-headed ogres
  A fenstrider witch skeleton (Tomb:1)
  8 vampire magi
  7 stokers
  17 dancing weapons
  A shock serpent (shapeshifter) (Zig:8)
  A naga warrior (Abyss:3)
  8 thrashing horrors
  A spectral naga (Tar:6)
  6 spriggan berserkers
  6 deep troll earth magi
  17 demonic crawlers
  4 orc high priests
  13 deep elf knights
  A titan skeleton (Tomb:2)
  An emperor scorpion zombie (Crypt:2)
  38 soul eaters
  63 sun demons
  3 shock serpents (Pan)
  11 wretched stars
  9 hell knights
  A skyshark (shapeshifter) (Zig:8)
  3 skysharks
  22 shadow wraiths
  16 crystal echidnas
  4 hellephant skeletons (Pan)
  3 pharaoh ants
  14 deep elf archers
  An orange crystal statue (WizLab)
  A bunyip zombie (Abyss:3)
  4 quicksilver dragon simulacra
  12 flayed ghosts
  18 sixfirhies
  4 spectral anacondas
  A ghost moth zombie (Crypt:1)
  3 sea snakes (Lair:5)
  21 cherubim
  13 iron trolls
  A goliath frog (Swamp:1)
  An anaconda zombie (Abyss:3)
  6 sun moths
  A glowing orange brain (shapeshifter) (Zig:8)
  4 arcanists
  19 ironbound convokers
  10 orb spiders
  8 spriggan druids
  14 shadow demons
  47 deep trolls
  28 skeletal warriors
  5 spriggan simulacra
  8 bog bodies
  9 lindwurms
  5 swamp dragons
  A fenstrider witch simulacrum (Hell)
  15 glowing orange brains
  3 harpies
  25 deep elf pyromancers
  8 steelbarb worms
  2 spectral iron dragons (Tar:2)
  3 spectral hydras (Swamp:4)
  19 deep elf zephyrmancers
  2 thermic dynamos (Elf:1)
  5 orc knights
  63 large abominations
  An anaconda skeleton (Tomb:3)
  13 phantasmal warriors
  An obsidian bat (Zig:7)
  A spectral alligator (Tar:1)
  A lightning spire (Zot:4)
  10 necromancers
  2 spectral ettins (Tar:4)
  3 orc sorcerers
  6 will-o-the-wisps
  27 wolf spiders
  4 shining eyes
  A wolf spider (shapeshifter) (Vaults:5)
  3 oklob plants (Swamp:4)
  A draconian zombie (Tomb:1)
  4 Executioner simulacra (Pan)
  A human zombie (Vaults:1)
  35 ugly things
  24 moths of wrath
  2 fauns (Pan)
  3 naga zombies
  3 manticores
  2 spectral centaurs
  3 cyclopes
  3 apocalypse crabs
  27 vault sentinels
  A guardian serpent (Abyss:3)
  6 rust devils
  11 meliai
  A centaur zombie (Abyss:2)
  3 kobold blastminers
  An iron dragon skeleton (Crypt:1)
  5 black mambas
  2 toenail golems
  46 smoke demons
  A black mamba (shapeshifter) (Vaults:5)
  A worldbinder (Abyss:3)
  A torpor snail (shapeshifter) (Zig:8)
  4 elephants
  14 molten gargoyles
  7 titan simulacra
  11 eyes of devastation
  A naga mage (Abyss:3)
  A water nymph (shapeshifter) (Vaults:5)
  Maggie (Lair:1)
  4 gargoyles
  15 orange demons
  2 storm dragon simulacra
  A yellow draconian zombie (Crypt:2)
  An alligator snapping turtle zombie (Crypt:1)
  5 ice statues (Pan)
  4 torpor snails
  6 unseen horrors
  2 rime drakes
  22 cane toads
  A catoblepas zombie (Crypt:2)
  38 hellions
  A yaktaur zombie (Vaults:1)
  A death yak zombie (Crypt:2)
  52 guardian mummies
  An elephant slug zombie (Crypt:2)
  2 tengu conjurers (Depths:2)
  9 efreet
  An alligator snapping turtle skeleton (Crypt:1)
  11 freezing wraiths
  10 komodo dragons
  2 yaktaur skeletons (Vaults:2)
  16 ice devils
  27 tormentors
  2 bunyip simulacra (Coc:1)
  5 iron giant simulacra
  37 yaktaurs
  6 ancient zymes
  2 anaconda simulacra
  A death yak skeleton (Crypt:2)
  A catoblepas skeleton (Crypt:3)
  6 red devils
  8 trolls
  5 spectral harpies
  4 hydra zombies
  3 golden dragon simulacra
  A bloated husk (Zig:6)
  2 harpy zombies
  15 hellwings
  4 polar bears
  A queen bee (Abyss:5)
  28 hornets
  6 harpy skeletons
  A polar bear (shapeshifter) (D:14)
  A shadow dragon simulacrum (Crypt:1)
  5 silent spectres
  A wolf spider simulacrum (D:14)
  Grinder (D:5)
  17 tarantellas
  9 tyrant leeches
  8 blink frogs
  6 raiju
  9 glass eyes
  A hydra skeleton (Tomb:1)
  21 jumping spiders
  An ettin zombie (Crypt:2)
  A human simulacrum (Coc:1)
  2 iron dragon simulacra (Coc:7)
  2 snapping turtles (Lair:5)
  19 culicivoras
  A stone giant simulacrum (Coc:2)
  19 ushabtiu
  2 centaur simulacra
  A fire dragon skeleton (Crypt:3)
  32 spriggans
  A shadow (D:11)
  4 dire elephant simulacra
  8 small abominations
  13 wraiths
  31 ynoxinuls
  An ettin skeleton (Abyss:3)
  2 vampires
  2 humans (Lair:4)
  4 water elementals
  A yak (shapeshifter) (D:15)
  6 wyverns
  An alligator snapping turtle simulacrum (Coc:1)
  18 neqoxecs
  4 fire bats (Pan)
  41 yaks
  8 basilisks
  4 hogs (Lair:4)
  66 redbacks
  2 fire elementals (Elf:1)
  42 starcursed masses
  3 steam dragons
  9 vampire mosquitoes
  10 golden eyes
  37 chaos spawn
  4 wargs
  14 harpy simulacra
  A naga (Abyss:3)
  14 water moccasins
  11 swamp worms
  A swamp worm (shapeshifter) (Vaults:5)
  3 acid dragons
  An ogre zombie (Vaults:1)
  A naga skeleton (Tomb:2)
  7 hydra simulacra
  A faun skeleton (Crypt:3)
  A two-headed ogre skeleton (Crypt:2)
  3 swamp drakes (Swamp:4)
  A glowing shapeshifter skeleton (Vaults:1)
  3 ice beasts
  A fire dragon simulacrum (Crypt:3)
  A lindwurm zombie (Crypt:3)
  17 orc warriors
  2 sky beasts
  3 black bears
  3 ettin simulacra
  2 swamp dragon zombies (Swamp:4)
  18 laughing skulls
  A swamp dragon skeleton (Swamp:4)
  9 centaurs
  A blink frog zombie (Crypt:3)
  35 ogres
  31 wolves
  5 boggarts (Vaults:4)
  A snapping turtle skeleton (Crypt:2)
  2 brain worms
  2 kobold brigands
  8 weeping skulls
  11 bullfrogs
  2 earth elementals
  2 scorpions
  5 human skeletons (Vaults:2)
  4 naga simulacra
  5 spriggan zombies
  A queen bee zombie (Crypt:2)
  11 wights
  A yak skeleton (Crypt:3)
  A swamp dragon simulacrum (Coc:1)
  3 spriggan skeletons
  15 killer bees
  A raiju skeleton (Crypt:3)
  8 howler monkeys
  2 electric eels
  A crimson imp (Zot:5)
  2 quasits
  16 orc priests
  4 hounds
  3 jellies
  A sleepcap (D:5)
  An iron imp (Abyss:3)
  2 centaur skeletons
  3 iguanas
  21 orc wizards
  47 mummies
  A swamp drake zombie (Swamp:4)
  6 adders
  A swamp drake skeleton (Swamp:4)
  3 shadow imps
  3 white imps
  2 ribbon worms
  A dart slug (D:5)
  45 orcs
  9 endoplasms
  3 giant cockroaches (D:4)
  8 goblins
  5 hobgoblins
  2 jackals (D:4)
  12 kobolds
  A quokka (D:2)
  A river rat zombie (Crypt:1)
  4 ball pythons
  A ball python zombie (Crypt:3)
  A bat (D:2)
  3 frilled lizards (D:1)
  A frilled lizard zombie (Crypt:2)
  A jackal skeleton (Crypt:2)
  2 orc zombies (D:5)
  4 rats (D:1)
  7 aspiring fleshes
  3 ball lightnings (Pan)
  2 butterflies (Lair:5)
  4 creeping infernos
  6 fire vortices
  16 starspawn tentacles
4405 creatures vanquished.

Vanquished Creatures (others)
  Boris (Elf:3)
  A Killer Klown (Zig:12)
  The ghost of Squishy the Warrior, an adept MiFi of the Shining One (Spider:4)
  A demonspawn warmonger (Pan)
  A draconian scorcher (Zot:2)
  A vault warden (Vaults:5)
  A juggernaut zombie (Tomb:3)
  A shard shrike simulacrum (Coc:6)
  A cacodemon (Pan)
  An ironbound preserver (Vaults:3)
  A stone giant (WizLab)
  An ettin (Vaults:5)
  A deep elf high priest (Vaults:5)
  A jiangshi (Crypt:3)
  A juggernaut simulacrum (Coc:4)
  2 vault guards
  A hydra (Lair:5)
  A centaur warrior (D:14)
  An alligator (Swamp:4)
  A boulder beetle (Dis:2)
  A death scarab (Tomb:1)
  A deep elf knight (Elf:2)
  A spriggan (Zig:6)
  A sun demon (Pan)
  A deep elf archer (Elf:3)
  A swamp dragon (Swamp:4)
  A deep elf zephyrmancer (Elf:2)
  An orc knight (Vaults:5)
  A wolf spider (Spider:4)
  A manticore (D:13)
  A human skeleton (Vaults:2)
  A vault sentinel (Vaults:3)
  An efreet (Pan)
  2 yaktaurs
  A freezing wraith (Swamp:4)
  A komodo dragon (Lair:2)
  3 bloated husks
  2 hornets
  A blink frog (Lair:4)
  2 jumping spiders (Spider:2)
  2 culicivoras (Spider:4)
  A yak (Lair:5)
  3 water elementals (Elf:1)
  A naga simulacrum (Coc:5)
  A harpy simulacrum (Coc:3)
  2 orc warriors (Vaults:5)
  A centaur (D:13)
  An orc (D:15)
  3 ball lightnings (Pan)
  2 creeping infernos
  6 foxfires
  A lurking horror (Abyss:3)
  28 starspawn tentacles
98 creatures vanquished.

Grand Total: 4503 creatures vanquished

Notes
Turn   | Place    | Note
-------+----------+-------------------------------------------
     0 | D:1      | Livid the Octopode Shapeshifter began the quest for the
                  | Orb.
     0 | D:1      | Reached XP level 1. HP: 13/13 MP: 1/1
    87 | D:1      | Found a faded altar of an unknown god.
   198 | D:1      | Reached XP level 2. HP: 12/18 MP: 2/2
   629 | D:2      | Found Cegoam's Assorted Antiques.
   689 | D:2      | Reached XP level 3. HP: 24/24 MP: 3/3
  1496 | D:3      | Noticed an ogre
  1507 | D:3      | Killed an ogre
  1508 | D:3      | Reached XP level 4. HP: 30/30 MP: 4/4
  1508 | D:3      | Reached XP level 5. HP: 36/36 MP: 5/5
  1576 | D:3      | Found a white marble altar of Elyvilon.
  1882 | D:3      | Found a bloodstained altar of Trog.
  1882 | D:3      | Found an iron altar of Okawaru.
  2108 | D:3      | Found a shadowy altar of Dithmenos.
  2413 | D:4      | Reached XP level 6. HP: 14/42 MP: 6/6
  2719 | D:4      | Found Zykh's Tremendous Tomes.
  2915 | D:4      | Found a shimmering altar of Xom.
  3054 | D:5      | Entered Level 5 of the Dungeon
  3054 | D:5      | Found a staircase to the Ecumenical Temple.
  3091 | D:5      | Reached skill level 5 in Unarmed Combat
  3091 | D:5      | Reached XP level 7. HP: 37/48 MP: 7/7
  3098 | Temple   | Entered the Ecumenical Temple
  3138 | Temple   | Became a worshipper of Ru the Awakened
  3194 | D:5      | Noticed Grinder
  3220 | D:5      | Reached skill level 5 in Shapeshifting
  3234 | D:5      | Killed Grinder
  3289 | D:5      | You fall into a shaft and drop 3 floors!
  3341 | D:7      | Noticed a steam dragon
  3372 | D:7      | Found Waxtorr's Assorted Antiques.
  3442 | D:7      | Killed a steam dragon
  3443 | D:7      | Reached skill level 5 in Fighting
  3443 | D:7      | Reached XP level 8. HP: 14/55 MP: 8/8
  4154 | D:5      | Gained mutation: Your casting is slightly disrupted. [Ru
                  | sacrifice]
  4422 | D:5      | Found the Hermit's Pendant {Faith Invo=14 Evo=0 MP+5}
  4948 | D:6      | Reached XP level 9. HP: 63/63 MP: 19/19
  4958 | D:6      | Found an opulent altar of Gozag.
  5546 | D:8      | Noticed a sixfirhy
  5556 | D:8      | Found a runed translucent door.
  5700 | D:8      | Found a radiant altar of Vehumet.
  6406 | D:9      | Found Inell's Jewellery Boutique.
  6442 | D:9      | Noticed a two-headed ogre
  6453 | D:9      | Killed a two-headed ogre
  6454 | D:9      | Reached XP level 10. HP: 51/72 MP: 20/20
  6578 | D:9      | Gained mutation: You are hated by all. [Ru sacrifice]
  6578 | D:9      | Reached * piety under Ru
  6578 | D:9      | Reached ** piety under Ru
  6670 | D:9      | Reached skill level 10 in Unarmed Combat
  6817 | D:9      | Found Rottesiy's Assorted Antiques.
  7019 | D:9      | Found Seihacle's Antique Armour Shoppe.
  7259 | D:10     | Entered Level 10 of the Dungeon
  7768 | D:10     | Noticed a two-headed ogre
  7776 | D:10     | Killed a two-headed ogre
  8022 | D:10     | Found a staircase to the Orcish Mines.
  8034 | D:10     | Reached skill level 10 in Shapeshifting
  8034 | D:10     | Reached XP level 11. HP: 40/78 MP: 21/21
  8189 | D:10     | Gained mutation: You cannot be stealthy. [Ru sacrifice]
  8189 | D:10     | Reached *** piety under Ru
  8301 | D:10     | Found a hide-covered altar of Uskayaw.
  8307 | D:10     | Found a broken altar of Ashenzari.
  8309 | D:10     | Found an ancient bone altar of Kikubaaqudgha.
  9055 | D:11     | Noticed a boulder beetle
  9091 | D:11     | Killed a boulder beetle
  9269 | D:11     | Noticed a manticore
  9276 | D:11     | Killed a manticore
  9374 | D:11     | Noticed a boulder beetle
  9402 | D:11     | Killed a boulder beetle
  9403 | D:11     | Reached skill level 5 in Dodging
  9555 | D:11     | Noticed a two-headed ogre
  9563 | D:11     | Killed a two-headed ogre
  9564 | D:11     | Reached skill level 10 in Fighting
  9920 | D:11     | Found a staircase to the Lair.
 10033 | D:11     | Noticed a two-headed ogre
 10041 | D:11     | Killed a two-headed ogre
 10140 | D:11     | Noticed a white ugly thing
 10151 | D:11     | Killed a white ugly thing
 10601 | Lair:1   | Entered Level 1 of the Lair of Beasts
 10684 | D:9      | Bought a serpent talisman for 420 gold pieces
 11076 | Lair:1   | Noticed a boulder beetle
 11087 | Lair:1   | Killed a boulder beetle
 11088 | Lair:1   | Reached XP level 12. HP: 84/90 MP: 22/22
 11088 | Lair:1   | Gained mutation: You occasionally shout uncontrollably at
                  | your foes. [Ru sacrifice]
 11153 | Lair:1   | Noticed a skyshark
 11160 | Lair:1   | Killed a skyshark
 11263 | Lair:1   | Noticed Maggie
 11273 | Lair:1   | Killed Maggie
 12606 | Lair:2   | Gained mutation: You cannot study or use magical devices.
                  | [Ru sacrifice]
 12606 | Lair:2   | Reached **** piety under Ru
 12606 | Lair:2   | Reached ***** piety under Ru
 13033 | Lair:3   | Noticed a seven-headed hydra
 13044 | Lair:3   | Killed a seven-headed hydra
 13438 | Lair:3   | Found a staircase to the Swamp.
 13446 | Lair:3   | Reached XP level 13. HP: 97/97 MP: 23/23
 13584 | Lair:3   | Found a hole to the Spider Nest.
 14047 | Lair:3   | Gained mutation: Your magical capacity is low. (-10% MP)
                  | [Ru sacrifice]
 14704 | Lair:4   | Reached skill level 15 in Unarmed Combat
 15307 | Lair:4   | Noticed Kirke
 15428 | Lair:4   | Killed Kirke
 15593 | Lair:4   | Gained mutation: You cannot study or cast Fire magic. [Ru
                  | sacrifice]
 15593 | Lair:4   | Gained mutation: You cannot study or cast Hexes magic. [Ru
                  | sacrifice]
 15593 | Lair:4   | Gained mutation: You cannot study or cast Necromancy magic.
                  | [Ru sacrifice]
 15593 | Lair:4   | Reached ****** piety under Ru
 15905 | Lair:5   | Entered Level 5 of the Lair of Beasts
 15994 | Lair:5   | Found a staircase to the Slime Pits.
 16107 | Lair:5   | Reached XP level 14. HP: 55/102 MP: 12/12
 18068 | D:9      | Bought the ring of Isud {rElec rC+ MP+9 Dex+6 Stlth-} for
                  | 730 gold pieces
 18073 | D:9      | Learned a level 3 spell: Passwall
 18078 | D:9      | Learned a level 4 spell: Vhi's Electric Charge
 18466 | D:12     | Reached skill level 15 in Shapeshifting
 19334 | D:13     | Noticed an ironbound preserver
 19347 | D:13     | Killed an ironbound preserver
 19405 | D:13     | Found a gate to the Vaults.
 19559 | D:13     | Found Sycsuzoo's Antique Weapon Shoppe.
 19572 | D:13     | Found Memaliah's Antique Armour Shop.
 19572 | D:13     | Found Epagoxt's Armour Emporium.
 19963 | D:14     | Reached XP level 15. HP: 108/108 MP: 13/13
 20398 | D:14     | Found Gecinek's Weapon Emporium.
 20902 | D:15     | Entered Level 15 of the Dungeon
 20906 | D:15     | Found a staircase to the Depths.
 21236 | D:15     | Noticed Roxanne
 21256 | D:15     | Killed Roxanne
 21290 | D:15     | Found Catec's General Store.
 21358 | D:15     | Bought a scroll of teleportation for 51 gold pieces
 21379 | D:15     | Found Beqiorie's Magic Scroll Boutique.
 21418 | D:15     | Found Zozif's Antique Weapon Boutique.
 21648 | D:15     | Noticed Agnes
 21658 | D:15     | Killed Agnes
 21769 | D:15     | Gained mutation: You are partially covered in iridescent
                  | scales. (AC +2) [potion of mutation]
 21769 | D:15     | Gained mutation: You have a pair of small antennae on your
                  | head. [potion of mutation]
 21811 | D:15     | Found Irac's Book Boutique.
 22027 | Orc:1    | Entered Level 1 of the Orcish Mines
 22054 | Orc:1    | Paralysed by something for 4 turns
 22308 | Orc:2    | Entered Level 2 of the Orcish Mines
 22511 | Orc:2    | Reached XP level 16. HP: 98/114 MP: 14/14
 22646 | Orc:2    | Found Gomibust's Book Emporium.
 22646 | Orc:2    | Found Vujiuf's Book Shop.
 22647 | Orc:2    | Found Hoetif's Weapon Boutique.
 22647 | Orc:2    | Found Meott's General Store.
 22913 | Orc:2    | Found a staircase to the Elven Halls.
 23148 | Swamp:1  | Entered Level 1 of the Swamp
 23295 | Swamp:1  | Found a runed translucent door.
 23295 | Swamp:1  | Noticed bigdog255's ghost (journeyman SpEn)
 23295 | Swamp:1  | Noticed a thorn hunter
 23299 | Swamp:1  | Identified the +5 sling of Makhleb's Benevolence {drain,
                  | +Blink SInv Stlth+}
 23334 | Swamp:1  | Killed a thorn hunter
 23353 | Swamp:1  | Killed bigdog255's ghost
 24563 | Swamp:3  | Noticed a thorn hunter
 24574 | Swamp:3  | Killed a thorn hunter
 24604 | Swamp:3  | Reached XP level 17. HP: 110/119 MP: 15/15
 25369 | Swamp:4  | Entered Level 4 of the Swamp
 26254 | Swamp:4  | Got a decaying rune of Zot
 26459 | Swamp:4  | Reached XP level 18. HP: 116/116 MP: 16/16
 26568 | Spider:1 | Entered Level 1 of the Spider Nest
 27456 | Spider:2 | Reached XP level 19. HP: 117/124 MP: 17/17
 28375 | Spider:3 | Identified the serpent talisman of the Depths {rF+ Str+3}
 28375 | Spider:3 | Noticed Aizul
 28385 | Spider:3 | Killed Aizul
 28386 | Spider:3 | Noticed Arachne
 28437 | Spider:2 | Killed Arachne
 28953 | Spider:4 | Entered Level 4 of the Spider Nest
 29451 | Spider:4 | Noticed Donald
 29462 | Spider:4 | Killed Donald
 29695 | Spider:4 | Found a large runed translucent door.
 29695 | Spider:4 | Found a large runed translucent door.
 29697 | Spider:4 | Noticed Squishy's ghost (adept MiFi)
 29706 | Spider:4 | Identified the +1 trident of the Unspeakable One {freeze,
                  | Str+6}
 30187 | Spider:4 | Got a gossamer rune of Zot
 30290 | Spider:4 | Killed Squishy's ghost
 30607 | Vaults:1 | Entered Level 1 of the Vaults
 30666 | Vaults:1 | Reached skill level 15 in Fighting
 30843 | Vaults:1 | Noticed Saint Roka
 30844 | Vaults:1 | Noticed Asterion
 30851 | Vaults:1 | Killed Asterion
 30863 | Vaults:1 | Reached XP level 20. HP: 86/142 MP: 18/18
 30864 | Vaults:1 | Killed Saint Roka
 31183 | Vaults:1 | You fall into a shaft and drop 1 floor!
 32479 | Vaults:2 | Found a staircase to the Crypt.
 33414 | Vaults:3 | Found a flickering gateway to a bazaar.
 33428 | Bazaar   | Entered a bazaar
 33428 | Bazaar   | Found Hafu Xeask's Magic Scroll Shoppe.
 33428 | Bazaar   | Found Felukh's Antique Armour Emporium.
 33428 | Bazaar   | Found Moedi's Armour Emporium.
 33428 | Bazaar   | Found Zyuply's Antique Weapon Shoppe.
 33456 | Bazaar   | Bought a scroll of teleportation for 24 gold pieces
 33456 | Bazaar   | Bought 3 scrolls of teleportation for 72 gold pieces
 33456 | Bazaar   | Bought 3 scrolls of blinking for 180 gold pieces
 33456 | Bazaar   | Bought a scroll of teleportation for 24 gold pieces
 33523 | Vaults:3 | Reached XP level 21. HP: 157/157 MP: 18/18
 33535 | Vaults:3 | Noticed Mennas
 33556 | Vaults:3 | Killed Mennas
 34627 | Vaults:3 | Got Isaxath's Handbook of the Combative Graveyard
 35071 | Vaults:4 | Noticed Zenata
 35085 | Vaults:4 | Killed Zenata
 35539 | Vaults:4 | Identified the +7 quarterstaff "Uloaterph" {vamp, rPois}
 35723 | Vaults:4 | Found Sisok's Weapon Emporium.
 35790 | Vaults:4 | Reached XP level 22. HP: 165/165 MP: 19/19
 36562 | Elf:1    | Entered Level 1 of the Elven Halls
 36932 | Elf:1    | Found a stormy altar of Qazlal.
 37648 | Elf:2    | Found a large runed translucent door.
 37648 | Elf:2    | Found a large runed translucent door.
 37672 | Elf:2    | Found a large runed translucent door.
 37672 | Elf:2    | Found a large runed translucent door.
 37908 | Elf:3    | Entered Level 3 of the Elven Halls
 37909 | Elf:3    | Identified the +4 robe of the Cockroach {-Cast Fly rC+
                  | Int-5 Dex+7}
 37909 | Elf:3    | Noticed Boris
 37914 | Elf:3    | Killed Boris
 38329 | Elf:3    | Found Etefotta's Jewellery Shoppe.
 38331 | Elf:3    | Found Ifiudwol's Jewellery Emporium.
 38331 | Elf:3    | Found Hajamuc's Jewellery Shoppe.
 38336 | Elf:3    | Found Moitsuj's Antique Armour Emporium.
 38345 | Elf:3    | Bought the ring "Edeigg" {rElec rC++ Will- Dex+6 SInv} for
                  | 1012 gold pieces
 38353 | Elf:3    | Bought the macabre finger necklace {Finger+ rN+} for 560
                  | gold pieces
 38353 | Elf:3    | Found the macabre finger necklace {Finger+ rN+}
 38600 | Elf:3    | Identified the ring of Suspected Treachery {Ice +Blink
                  | Will+ Int+2}
 38627 | Elf:3    | Reached skill level 10 in Dodging
 38718 | Elf:3    | Identified the ring of Recwonuk {rN+ Int+6 Slay+2}
 38718 | Elf:3    | Identified the ring "Couvette" {Str+2 Int+3 Dex+6 Slay+3}
 39043 | Elf:3    | Identified the +6 chain mail "Wokkog" {rC+ SInv Stlth+}
 39049 | Abyss:2  | Cast into level 2 of the Abyss (a deep elf demonologist)
 39103 | Abyss:2  | Found a corrupted altar of Lugonu.
 39161 | Abyss:2  | Found a corrupted altar of Lugonu.
 39255 | Abyss:2  | Found a corrupted altar of Lugonu.
 39442 | Abyss:3  | Reached XP level 23. HP: 174/174 MP: 20/20
 39553 | Abyss:3  | Noticed a dread lich
 39556 | Abyss:3  | Paralysed by a dread lich for 5 turns
 39564 | Abyss:3  | Killed a dread lich
 39637 | Abyss:3  | Paralysed by accursed screaming for 1 turns
 39806 | Abyss:4  | Found an ancient bone altar of Kikubaaqudgha.
 39840 | Elf:3    | Escaped the Abyss
 39840 | Elf:3    | Identified the ring "Piuskaj" {rF+ rC+ AC+4 Str+3 Int-5}
 39851 | Elf:3    | Identified a scroll of acquirement
 39851 | Elf:3    | Found the +7 hand cannon "Mule" {flame, backblast, rF+}
 40020 | Elf:3    | Got the Handbook of Mutualism
 40042 | Elf:3    | Acquired the +0 mask of the Dragon {Will+ Slay+3 SInv}
 40042 | Elf:3    | Found the +0 mask of the Dragon {Will+ Slay+3 SInv}
 40505 | Vaults:5 | Entered Level 5 of the Vaults
 40686 | Abyss:5  | Cast into level 5 of the Abyss (a deep elf sorcerer)
 40736 | Abyss:5  | Got an abyssal rune of Zot
 40751 | Vaults:5 | Escaped the Abyss
 40751 | Vaults:5 | Noticed a dread lich
 40751 | Vaults:5 | Paralysed by a dread lich for 2 turns
 40887 | Vaults:5 | Noticed a golden dragon
 40888 | Vaults:5 | Killed a dread lich
 40890 | Vaults:5 | Reached XP level 24. HP: 184/184 MP: 20/20
 41239 | Vaults:5 | Noticed a dread lich
 41247 | Vaults:5 | Killed a dread lich
 41254 | Vaults:5 | Found Ecaex Weont's Antique Weapon Shop.
 41755 | Vaults:5 | Got a silver rune of Zot
 41998 | Vaults:5 | Identified the +6 falchion of Quoran {flame, rN+}
 41998 | Vaults:5 | Identified the ring "Culoqaic" {^Contam rC+ rCorr Int+2
                  | Dex+7}
 41999 | Vaults:5 | Identified the +9 spear of Xiofon Mufa {venom, ^Drain
                  | Str+5}
 42000 | Vaults:5 | Identified the amulet of Bugadyr {Faith ^Contam SInv
                  | Stlth+}
 42023 | Vaults:5 | Found the +6 lightning scales {swift, rElec}
 42557 | Depths:1 | Entered Level 1 of the Depths
 42903 | Depths:1 | Found a one-way gateway to a ziggurat.
 43138 | Depths:1 | Found a gateway to Hell.
 43610 | Depths:2 | Reached XP level 25. HP: 193/193 MP: 20/20
 43649 | Depths:2 | Found a one-way gate to the infinite horrors of the Abyss.
 43708 | Depths:2 | Reached skill level 15 in Dodging
 43826 | Depths:2 | Identified the +8 chain mail "Abonoh" {rF++ rC++ Str-3
                  | Dex+3}
 43953 | Depths:2 | Found a one-way gate leading to the halls of Pandemonium.
 44268 | Depths:2 | Paralysed by a vampire knight for 4 turns
 44280 | Depths:2 | Found a shadowy altar of Dithmenos.
 44732 | Depths:3 | Identified the +5 rapier of Cowardice {protect, rElec rC+
                  | Int+2}
 45244 | Depths:4 | Entered Level 4 of the Depths
 45512 | Depths:4 | Gained mutation: You are clumsy. (Dex -2) [a cacodemon]
 45724 | Depths:4 | Identified the +2 robe of Wuonteg {rPois Will+ Str-3}
 45724 | Depths:4 | Noticed Boris
 45734 | Depths:4 | Killed Boris
 45953 | Depths:4 | Found Wyxzon's General Store.
 46045 | Depths:4 | Found a broken altar of Ashenzari.
 46383 | Depths:4 | Found a gate to the Realm of Zot.
 46810 | Depths:3 | Found a hide-covered altar of Uskayaw.
 47191 | Crypt:1  | Entered Level 1 of the Crypt
 47197 | Crypt:1  | Reached XP level 26. HP: 204/204 MP: 20/20
 47714 | Crypt:2  | Noticed Vv
 47722 | Crypt:2  | Killed Vv
 47944 | Crypt:2  | Identified the +3 robe of the Chupacabra {rPois rC+ Str+2
                  | Stlth-}
 47944 | Crypt:2  | Noticed Boris
 47946 | Crypt:2  | Noticed Grunn
 47949 | Crypt:2  | Killed Boris
 47956 | Crypt:2  | Killed Grunn
 48434 | Crypt:3  | Entered Level 3 of the Crypt
 48481 | Crypt:3  | Found a staircase to the Tomb.
 48631 | Crypt:3  | Found a magical portal.
 48640 | WizLab   | Entered Lehudib's Moon Base
 48682 | WizLab   | Found a transporter.
 49229 | WizLab   | Found a transporter.
 49401 | WizLab   | Identified the ring of Zacaut {rN+ MP+9 Str-2 Int+6 Stlth+}
 49722 | WizLab   | Identified the amulet "Mebrilemi" {rC+ Will- Regen+ Str+7
                  | Int-4}
 50183 | Crypt:3  | Found an ancient bone altar of Kikubaaqudgha.
 50191 | Crypt:3  | Reached XP level 27. HP: 216/216 MP: 20/20
 50194 | Crypt:3  | Identified the amulet of Lytsinki {Spirit Regen+ Dex+3}
 50194 | Crypt:3  | Identified the ring "Cadony" {rElec rPois rN++ Dex-2 SInv}
 50194 | Crypt:3  | Identified the ring "Yggickoy" {rC+ rN++ Str+8 Int-5}
 50216 | Crypt:3  | Identified the +11 mace "Zowau" {elec, rCorr Str+4 SInv}
 50262 | Crypt:3  | Identified the staff "Balloho" {rElec rN+ Str-2 Dex+7 Necro
                  | Earth}
 50802 | Zot:1    | Entered Level 1 of the Realm of Zot
 50850 | Zot:1    | Acquired a storm talisman
 51273 | Zot:1    | Identified the ring of Awkeiry {Will+ SInv}
 53061 | Zot:3    | Reached skill level 27 in Shapeshifting
 53640 | Zot:3    | Acquired 572 gold pieces
 53642 | Zot:3    | Acquired 804 gold pieces
 54859 | Hell     | Entered the Vestibule of Hell
 54859 | Hell     | Noticed Geryon
 54869 | Hell     | Killed Geryon
 54879 | Hell     | Noticed Murray
 54910 | Hell     | Killed Murray
 55114 | Hell     | Found a gateway to the Iron City of Dis.
 55530 | Hell     | Found a gateway to the ashen valley of Gehenna.
 55827 | Hell     | Found a gateway to the decaying netherworld of Tartarus.
 55941 | Hell     | Found a gateway to the freezing wastes of Cocytus.
 56323 | Slime:1  | Entered Level 1 of the Pits of Slime
 56410 | Slime:2  | Noticed Dissolution
 56415 | Slime:2  | Killed Dissolution
 56420 | Slime:2  | Gained mutation: You are weak. (Str -2) [a shining eye]
 56452 | Slime:3  | Gained mutation: You occasionally lose the ability to read
                  | scrolls when taking damage. [a shining eye]
 56532 | Slime:5  | Entered Level 5 of the Pits of Slime
 56557 | Slime:5  | Gained mutation: Your spells are a little easier to cast,
                  | but a little less powerful. [a shining eye]
 56683 | Slime:5  | Noticed the Royal Jelly
 56694 | Slime:5  | Killed the Royal Jelly
 56771 | Slime:5  | Got a slimy rune of Zot
 56772 | Slime:5  | Identified the +7 war axe "Afam" {flame, rElec}
 56775 | Slime:5  | Got a starry gem with 199 turns to spare
 56810 | Slime:5  | Identified the staff of Gluttony {^Contam +Blink rC- Str+5
                  | Conj}
 56814 | Slime:5  | Identified the +2 short sword "Tetul" {drain, rPois rN+++
                  | Will- Str-5}
 56911 | Slime:5  | Identified the ring "Useiskaps" {rF- rN+ Will+++ rCorr
                  | Slay-2}
 57152 | Slime:5  | Identified the +4 ring mail of Wu Jian's Reproof {^Contam
                  | rPois rF+ Int+3}
 57970 | Tomb:1   | Entered Level 1 of the Tomb of the Ancients
 58182 | Tomb:1   | Identified the +4 robe "Oxtaeruu" {Rampage Archmagi}
 58182 | Tomb:1   | Noticed Boris
 58187 | Tomb:1   | Killed Boris
 58255 | Tomb:1   | Noticed a royal mummy
 58263 | Tomb:1   | Killed a royal mummy
 58541 | Tomb:1   | Noticed a royal mummy
 58552 | Tomb:1   | Killed a royal mummy
 58936 | Tomb:1   | Identified the staff of Isutwynu {rF+ Int+2 Dex+4 Fire}
 59051 | Tomb:2   | Noticed a royal mummy
 59052 | Tomb:2   | Noticed a royal mummy
 59054 | Tomb:2   | Noticed a royal mummy
 59057 | Tomb:2   | Killed a royal mummy
 59058 | Tomb:2   | Noticed a royal mummy
 59074 | Tomb:2   | Killed a royal mummy
 59079 | Tomb:2   | Killed a royal mummy
 59183 | Tomb:2   | Killed a royal mummy
 59335 | Tomb:2   | Gained mutation: Your body sometimes deteriorates upon
                  | taking damage. [mutagenic glow]
 59572 | Tomb:2   | Identified the +0 ring mail of the Bashing Gods {rC+ Will-
                  | Regen+}
 59688 | Tomb:1   | Noticed a royal mummy
 59693 | Tomb:1   | Noticed a royal mummy
 59694 | Tomb:1   | Killed a royal mummy
 59695 | Tomb:1   | Noticed a royal mummy
 59700 | Tomb:1   | Killed a royal mummy
 59704 | Tomb:1   | Killed a royal mummy
 59710 | Tomb:1   | Noticed a royal mummy
 59715 | Tomb:1   | Killed a royal mummy
 60011 | Tomb:1   | Noticed a royal mummy
 60018 | Tomb:1   | Killed a royal mummy
 60030 | Tomb:1   | Noticed a royal mummy
 60031 | Tomb:1   | Noticed a royal mummy
 60034 | Tomb:1   | Noticed a royal mummy
 60036 | Tomb:1   | Killed a royal mummy
 60038 | Tomb:1   | Noticed a royal mummy
 60040 | Tomb:1   | Killed a royal mummy
 60041 | Tomb:1   | Killed a royal mummy
 60042 | Tomb:1   | Noticed a royal mummy
 60042 | Tomb:1   | Noticed a royal mummy
 60043 | Tomb:1   | Noticed a royal mummy
 60046 | Tomb:1   | Noticed a royal mummy
 60254 | Tomb:1   | Killed a royal mummy
 60255 | Tomb:1   | Reached skill level 27 in Unarmed Combat
 60312 | Tomb:1   | Killed a royal mummy
 60331 | Tomb:1   | Killed a royal mummy
 60338 | Tomb:1   | Killed a royal mummy
 60344 | Tomb:1   | Killed a royal mummy
 60548 | Tomb:2   | Reached skill level 27 in Fighting
 60570 | Tomb:2   | Gained mutation: You occasionally lose the ability to drink
                  | potions when taking damage. [a neqoxec]
 60765 | Tomb:3   | Entered Level 3 of the Tomb of the Ancients
 60765 | Tomb:3   | Noticed a royal mummy
 60816 | Tomb:3   | Noticed a royal mummy
 60830 | Tomb:3   | Killed a royal mummy
 60853 | Tomb:3   | Noticed a royal mummy
 60865 | Tomb:3   | Noticed a royal mummy
 60865 | Tomb:3   | Noticed a royal mummy
 60865 | Tomb:3   | Noticed a royal mummy
 60865 | Tomb:3   | Noticed a royal mummy
 60865 | Tomb:3   | Noticed a royal mummy
 60865 | Tomb:3   | Noticed a royal mummy
 60908 | Tomb:3   | Got a golden rune of Zot
 61019 | Tomb:3   | Killed a royal mummy
 61023 | Tomb:3   | Killed a royal mummy
 61077 | Tomb:3   | Killed a royal mummy
 61088 | Tomb:3   | Killed a royal mummy
 61091 | Tomb:3   | Found the ring of the Hare {EV+10}
 61091 | Tomb:3   | Found the amulet of Vitality {Regen++ RegenMP++}
 61093 | Tomb:3   | Found the +10 morningstar "Eos" {elec, Halo rElec}
 61229 | Tomb:3   | Killed a royal mummy
 61271 | Tomb:3   | Killed a royal mummy
 61421 | Tomb:3   | Killed a royal mummy
 61643 | Tomb:3   | Killed a royal mummy
 61849 | Tomb:3   | Identified the +11 halberd of Puappam {venom, Str+2}
 61850 | Tomb:3   | Identified the +5 longbow "Bimob" {heavy, ^Drain rC+ Dex+2}
 62629 | Zot:5    | Entered Level 5 of the Realm of Zot
 62986 | Zot:5    | Noticed an orb of fire
 62989 | Zot:5    | Noticed an ancient lich
 62990 | Zot:5    | Killed an orb of fire
 63005 | Zot:5    | Killed an ancient lich
 63081 | Zot:5    | Noticed an orb of fire
 63090 | Zot:5    | Killed an orb of fire
 63096 | Zot:5    | Noticed an ancient lich
 63102 | Zot:5    | Noticed a dread lich
 63104 | Zot:5    | Noticed a dread lich
 63106 | Zot:5    | Noticed a dread lich
 63107 | Zot:5    | Killed a dread lich
 63109 | Zot:5    | Killed a dread lich
 63110 | Zot:5    | Gained mutation: You are dopey. (Int -2) [mutagenic glow]
 63111 | Zot:5    | Killed an ancient lich
 63116 | Zot:5    | Noticed a dread lich
 63116 | Zot:5    | Noticed an ancient lich
 63117 | Zot:5    | Noticed a dread lich
 63119 | Zot:5    | Killed an ancient lich
 63122 | Zot:5    | Killed a dread lich
 63127 | Zot:5    | Killed a dread lich
 63128 | Zot:5    | Killed a dread lich
 63667 | Zot:5    | Lost mutation: You occasionally lose the ability to drink
                  | potions when taking damage. [potion of mutation]
 63667 | Zot:5    | Lost mutation: You are partially covered in iridescent
                  | scales. (AC +2) [potion of mutation]
 63667 | Zot:5    | Gained mutation: Your flesh is cold resistant. (rC+)
                  | [potion of mutation]
 63668 | Zot:5    | Lost mutation: Your body sometimes deteriorates upon taking
                  | damage. [potion of mutation]
 63668 | Zot:5    | Lost mutation: You are weak. (Str -2) [potion of mutation]
 63668 | Zot:5    | Gained mutation: You expend magic power (3 MP) to
                  | strengthen your wands. [potion of mutation]
 63669 | Zot:5    | Lost mutation: You expend magic power (3 MP) to strengthen
                  | your wands. [potion of mutation]
 63669 | Zot:5    | Lost mutation: You have a pair of small antennae on your
                  | head. [potion of mutation]
 63669 | Zot:5    | Gained mutation: You frequently scream uncontrollably at
                  | your foes. [potion of mutation]
 63670 | Zot:5    | Lost mutation: You occasionally lose the ability to read
                  | scrolls when taking damage. [potion of mutation]
 63670 | Zot:5    | Lost mutation: You are dopey. (Int -2) [potion of mutation]
 63670 | Zot:5    | Lost mutation: Your spells are a little easier to cast, but
                  | a little less powerful. [potion of mutation]
 63670 | Zot:5    | Gained mutation: Your muscles are strong. (Str +4, Int/Dex
                  | -1) [potion of mutation]
 63670 | Zot:5    | Gained mutation: Your spells are a little harder to cast,
                  | but a little more powerful. [potion of mutation]
 63670 | Zot:5    | Gained mutation: You expend magic power (3 MP) to
                  | strengthen your wands. [potion of mutation]
 63887 | Coc:1    | Entered Level 1 of Cocytus
 64124 | Coc:2    | Reached skill level 27 in Dodging
 64127 | Coc:2    | Reached skill level 1 in Spellcasting
 64252 | Coc:3    | Reached skill level 5 in Spellcasting
 64957 | Coc:6    | Reached skill level 10 in Spellcasting
 64961 | Coc:6    | Paralysed by a wendigo for 1 turns
 65438 | Coc:7    | Entered Level 7 of Cocytus
 65499 | Coc:7    | Reached skill level 1 in Translocations
 65990 | Coc:7    | Noticed the Serpent of Hell
 66000 | Coc:7    | Killed the Serpent of Hell
 66002 | Coc:7    | Reached skill level 5 in Translocations
 66769 | Coc:7    | Identified the ring "Cuxoor" {rElec rF+ Str-5 Dex+3}
 66769 | Coc:7    | Noticed Antaeus
 66786 | Coc:7    | Killed Antaeus
 66853 | Coc:7    | Got an icy rune of Zot
 66862 | Coc:7    | Identified the ring "Gis Irph" {Fly rElec rC- rN+ Stlth+}
 67150 | Tar:1    | Entered Level 1 of Tartarus
 67874 | Tar:4    | Reached skill level 10 in Translocations
 67930 | Tar:5    | You fall into a shaft and drop 1 floor!
 68115 | Tar:7    | Entered Level 7 of Tartarus
 68217 | Tar:7    | Learned a level 2 spell: Blink
 68225 | Tar:7    | Learned a level 2 spell: Lesser Beckoning
 68229 | Tar:7    | Learned a level 3 spell: Teleport Other
 68515 | Tar:7    | Reached skill level 15 in Spellcasting
 69059 | Tar:7    | Identified the +3 morningstar of the Freezing Vulture
                  | {chaos, Int+5}
 69244 | Tar:7    | Noticed Ereshkigal
 69250 | Tar:7    | Killed Ereshkigal
 69383 | Tar:7    | Got a bone rune of Zot
 70128 | Dis:1    | Entered Level 1 of the Iron City of Dis
 71094 | Dis:5    | Reached skill level 15 in Translocations
 71397 | Dis:7    | Entered Level 7 of the Iron City of Dis
 72229 | Dis:7    | Identified the +8 halberd "Oxocs" {flame, rCorr}
 72478 | Dis:7    | Identified the ring of the Heavens {rPois rF+ Int+6 Dex-3}
 72668 | Dis:7    | Noticed Dispater
 72687 | Dis:7    | Killed Dispater
 72838 | Dis:7    | Got an iron rune of Zot
 72839 | Dis:7    | Identified the +8 quarterstaff "Udiuj" {pain, ^Fragile
                  | Will+ Stlth+}
 73418 | Pan      | Entered Pandemonium
 73454 | Pan      | Noticed Qothupha the pandemonium lord
 73803 | Pan      | Killed Qothupha the pandemonium lord
 73873 | Pan      | Identified the ring "Liasoum" {Fly rPois rF++ EV+5 Slay-5}
 73876 | Pan      | Got the Vellum of the Mortar and the Autopsy
 73878 | Pan      | Got a demonic rune of Zot
 73951 | Pan      | Got the Compilation of Geological Freezing
 74010 | Pan      | Found an exit through the horrors of the Abyss.
 74154 | Pan      | Noticed Neongu the pandemonium lord
 74163 | Pan      | Killed Neongu the pandemonium lord
 74982 | Pan      | Noticed Baett the pandemonium lord
 74994 | Pan      | Killed Baett the pandemonium lord
 75502 | Pan      | Found an exit through the horrors of the Abyss.
 76019 | Pan      | Noticed a seraph
 76024 | Pan      | Killed a seraph
 76032 | Pan      | Identified the +1 buckler "Otaicov" {*Corrode rF++}
 76037 | Pan      | Found a glowing golden altar of the Shining One.
 76124 | Pan      | Identified the ring "Zimux" {rF+ Will++}
 76491 | Pan      | Identified the +5 tower shield of Qablygeas {Int+3 Dex+5}
 76492 | Pan      | Found a glowing silver altar of Zin.
 77184 | Pan      | Found a white marble altar of Elyvilon.
 78493 | Depths:2 | Escaped Pandemonium
 78497 | Pan      | Entered Pandemonium
 78514 | Pan      | Noticed Mubbi the pandemonium lord
 78528 | Pan      | Killed Mubbi the pandemonium lord
 79206 | Pan      | Found a transporter.
 79439 | Pan      | Found a transporter.
 79450 | Pan      | Identified the ring "Gifoohass" {rC+ rN+ Dex+6}
 79453 | Pan      | Identified the +0 leather armour of Unreason {rElec rPois
                  | Dex+5}
 79458 | Pan      | Identified the ring of Maaxzu {rPois rC- rN+ Will+++ Int-3}
 79487 | Pan      | Entered the realm of Mnoleg.
 79615 | Pan      | Gained mutation: You are frail. (-10% HP) [a neqoxec]
 79698 | Pan      | Noticed Mnoleg
 79716 | Pan      | Killed Mnoleg
 79965 | Pan      | Got a glowing rune of Zot
 80059 | Pan      | Found an exit through the horrors of the Abyss.
 80071 | Pan      | Gained mutation: Your body sometimes deteriorates upon
                  | taking damage. [a cacodemon]
 80080 | Pan      | Lost mutation: Your muscles are strong. (Str +4, Int/Dex
                  | -1) [a cacodemon]
 80081 | Pan      | Gained mutation: You are dopey. (Int -2) [a cacodemon]
 80310 | Pan      | Noticed Monte the pandemonium lord
 80316 | Pan      | Killed Monte the pandemonium lord
 80931 | Pan      | HP: 8/192 [smoke demon/divine providence (13)]
 80944 | Pan      | Noticed Xumatupt the pandemonium lord
 80956 | Pan      | Killed Xumatupt the pandemonium lord
 81541 | Pan      | Gained mutation: Your health recovers twice as slowly from
                  | being drained. [a neqoxec]
 81626 | Pan      | Identified the ring of Remnys {^Contam rC+ rN+ rCorr Str+5}
 81688 | Pan      | Found an exit through the horrors of the Abyss.
 81733 | Pan      | Entered the realm of Lom Lobon.
 82079 | Pan      | Paralysed by a fenstrider witch for 5 turns
 82743 | Pan      | Noticed Lom Lobon
 82758 | Pan      | Killed Lom Lobon
 82986 | Pan      | Got a magical rune of Zot
 83117 | Pan      | Noticed Ciuj the pandemonium lord
 83130 | Pan      | Killed Ciuj the pandemonium lord
 83150 | Pan      | Gained mutation: You are weak. (Str -2) [a cacodemon]
 83379 | Pan      | Identified the +3 ring mail of Uskayaw's Hatred {rElec
                  | Str-3 Dex+4 SInv}
 83491 | Pan      | Lost mutation: You expend magic power (3 MP) to strengthen
                  | your wands. [potion of mutation]
 83491 | Pan      | Lost mutation: You frequently scream uncontrollably at your
                  | foes. [potion of mutation]
 83491 | Pan      | Lost mutation: Your spells are a little harder to cast, but
                  | a little more powerful. [potion of mutation]
 83491 | Pan      | Gained mutation: You are partially covered in iridescent
                  | scales. (AC +2) [potion of mutation]
 83491 | Pan      | Lost mutation: You are dopey. (Int -2) [potion of mutation]
 83492 | Pan      | Lost mutation: You are partially covered in iridescent
                  | scales. (AC +2) [potion of mutation]
 83492 | Pan      | Lost mutation: Your flesh is cold resistant. (rC+) [potion
                  | of mutation]
 83492 | Pan      | Lost mutation: Your body sometimes deteriorates upon taking
                  | damage. [potion of mutation]
 83492 | Pan      | Gained mutation: Your spells are a little easier to cast,
                  | but a little less powerful. [potion of mutation]
 83492 | Pan      | Gained mutation: You expend magic power (3 MP) to
                  | strengthen your wands. [potion of mutation]
 83492 | Pan      | Gained mutation: You are partially covered in iridescent
                  | scales. (AC +2) [potion of mutation]
 83492 | Pan      | Gained mutation: One of your tentacles bears a spike.
                  | [potion of mutation]
 83493 | Pan      | Lost mutation: You expend magic power (3 MP) to strengthen
                  | your wands. [potion of mutation]
 83493 | Pan      | Lost mutation: You are weak. (Str -2) [potion of mutation]
 83493 | Pan      | Gained mutation: You have hidden genetic potential. [potion
                  | of mutation]
 83493 | Pan      | Gained mutation: You are mostly covered in iridescent
                  | scales. (AC +4) [potion of mutation]
 83494 | Pan      | Lost mutation: You are mostly covered in iridescent scales.
                  | (AC +4) [potion of mutation]
 83494 | Pan      | Lost mutation: You are partially covered in iridescent
                  | scales. (AC +2) [potion of mutation]
 83494 | Pan      | Gained mutation: You have great hidden genetic potential.
                  | [potion of mutation]
 83503 | Pan      | Entered the realm of Gloorx Vloq.
 83684 | Pan      | Noticed Gloorx Vloq
 83693 | Pan      | Killed Gloorx Vloq
 84514 | Pan      | Got a dark rune of Zot
 84635 | Pan      | Entered the realm of Cerebov.
 85059 | Pan      | Got Ulevit's Tractate on Arenous Direction
 85186 | Pan      | Identified the +1 dagger "Ciehytep" {venom, rF++ rC+}
 85208 | Pan      | Found the +6 sword of Cerebov {flame}
 85208 | Pan      | Noticed Cerebov
 85226 | Pan      | Killed Cerebov
 85437 | Pan      | Identified the staff "Impslayer" {rF+ Earth}
 85456 | Pan      | Got a fiery rune of Zot
 85461 | Pan      | Identified the +4 ring mail "Urhaopuv" {rF++}
 85470 | Pan      | Identified the +1 scale mail of Pessimism {-Cast Rampage
                  | rCorr Stlth+}
 85587 | Pan      | Noticed Jahoulug the pandemonium lord
 85591 | Pan      | Killed Jahoulug the pandemonium lord
 85593 | Pan      | Gained mutation: Potions are less effective at restoring
                  | your health. [a cacodemon]
 85719 | Pan      | Gained mutation: You expend magic power (3 MP) to
                  | strengthen your wands. [hidden potential]
 85793 | Pan      | Noticed Ydgh the pandemonium lord
 85799 | Pan      | Killed Ydgh the pandemonium lord
 86175 | Pan      | Found an exit through the horrors of the Abyss.
 86224 | Pan      | Took an exit into the Abyss.
 86224 | Abyss:5  | Escaped into the Abyss
 86292 | Abyss:5  | Found a corrupted altar of Lugonu.
 86307 | Depths:2 | Escaped the Abyss
 86344 | Depths:2 | Lost mutation: You are frail. (-10% HP) [potion of
                  | mutation]
 86344 | Depths:2 | Lost mutation: You have great hidden genetic potential.
                  | [potion of mutation]
 86344 | Depths:2 | Gained mutation: Potions cannot restore your health.
                  | [potion of mutation]
 86344 | Depths:2 | Lost mutation: Your spells are a little easier to cast, but
                  | a little less powerful. [potion of mutation]
 86344 | Depths:2 | Gained mutation: Your mind is acute. (Int +4, Str/Dex -1)
                  | [potion of mutation]
 86345 | Depths:2 | Lost mutation: You expend magic power (3 MP) to strengthen
                  | your wands. [potion of mutation]
 86345 | Depths:2 | Lost mutation: Your mind is acute. (Int +4, Str/Dex -1)
                  | [potion of mutation]
 86345 | Depths:2 | Gained mutation: Your muscles are strong. (Str +4, Int/Dex
                  | -1) [potion of mutation]
 86346 | Depths:2 | Lost mutation: Your muscles are strong. (Str +4, Int/Dex
                  | -1) [potion of mutation]
 86346 | Depths:2 | Lost mutation: Your health recovers twice as slowly from
                  | being drained. [potion of mutation]
 86346 | Depths:2 | Lost mutation: One of your tentacles bears a spike. [potion
                  | of mutation]
 86346 | Depths:2 | Gained mutation: Your muscles are strong. (Str +4, Int/Dex
                  | -1) [potion of mutation]
 86346 | Depths:2 | Gained mutation: You frequently scream uncontrollably at
                  | your foes. [potion of mutation]
 86346 | Depths:2 | Gained mutation: One of your tentacles bears a spike.
                  | [potion of mutation]
 86346 | Depths:2 | Gained mutation: You have very sharp teeth. [potion of
                  | mutation]
 86347 | Depths:2 | Lost mutation: Your muscles are strong. (Str +4, Int/Dex
                  | -1) [potion of mutation]
 86347 | Depths:2 | Lost mutation: You have hidden genetic potential. [potion
                  | of mutation]
 86347 | Depths:2 | Lost mutation: Potions cannot restore your health. [potion
                  | of mutation]
 86347 | Depths:2 | Gained mutation: Your spells are a little harder to cast,
                  | but a little more powerful. [potion of mutation]
 86348 | Depths:2 | Lost mutation: Your spells are a little harder to cast, but
                  | a little more powerful. [potion of mutation]
 86348 | Depths:2 | Lost mutation: You are clumsy. (Dex -2) [potion of
                  | mutation]
 86348 | Depths:2 | Lost mutation: You frequently scream uncontrollably at your
                  | foes. [potion of mutation]
 86348 | Depths:2 | Gained mutation: You have an increased reservoir of magic.
                  | (+10% MP) [potion of mutation]
 86348 | Depths:2 | Lost mutation: You have very sharp teeth. [potion of
                  | mutation]
 86348 | Depths:2 | Gained mutation: Your flesh is cold resistant. (rC+)
                  | [potion of mutation]
 86349 | Depths:2 | Lost mutation: You have an increased reservoir of magic.
                  | (+10% MP) [potion of mutation]
 86349 | Depths:2 | Lost mutation: Potions are less effective at restoring your
                  | health. [potion of mutation]
 86349 | Depths:2 | Lost mutation: One of your tentacles bears a spike. [potion
                  | of mutation]
 86349 | Depths:2 | Lost mutation: Your flesh is cold resistant. (rC+) [potion
                  | of mutation]
 86349 | Depths:2 | Gained mutation: You have hidden genetic defects. [potion
                  | of mutation]
 86349 | Depths:2 | Gained mutation: Your flesh is cold resistant. (rC+)
                  | [potion of mutation]
 86350 | Depths:2 | Lost mutation: Your flesh is cold resistant. (rC+) [potion
                  | of mutation]
 86350 | Depths:2 | Lost mutation: You have hidden genetic defects. [potion of
                  | mutation]
 86350 | Depths:2 | Gained mutation: Your spells are a little harder to cast,
                  | but a little more powerful. [potion of mutation]
 86380 | Depths:2 | Upgraded the game from 0.32-a0-913-g739538afd8 to
                  | 0.32-a0-918-g0f22ef8d61
 86467 | Depths:4 | Learned a level 6 spell: Dispersal
 86475 | Depths:4 | Learned a level 7 spell: Manifold Assault
 86484 | Depths:4 | Learned a level 8 spell: Disjunction
 86493 | Zig:1    | Entered Level 1 of a ziggurat
 86529 | Zig:2    | Entered Level 2 of a ziggurat
 86529 | Zig:2    | Found the amulet of the Air {Inacc Air Fly rElec RMsl}
 86555 | Zig:3    | Entered Level 3 of a ziggurat
 86555 | Zig:3    | Noticed a dread lich
 86562 | Zig:3    | Killed a dread lich
 86592 | Zig:4    | Entered Level 4 of a ziggurat
 86617 | Zig:5    | Entered Level 5 of a ziggurat
 86643 | Zig:5    | Identified the +7 shortbow "Pibleziy" {drain, rF- Int+2
                  | SInv}
 86650 | Zig:6    | Entered Level 6 of a ziggurat
 86747 | Zig:7    | Entered Level 7 of a ziggurat
 86857 | Zig:8    | Entered Level 8 of a ziggurat
 86867 | Zig:8    | Noticed Xumm the pandemonium lord
 86867 | Zig:8    | Noticed Wosat the pandemonium lord
 86871 | Zig:8    | Killed Xumm the pandemonium lord
 86881 | Zig:8    | Killed Wosat the pandemonium lord
 86902 | Zig:8    | Identified the ring of the Leaf {rF+ rN+ rCorr Stlth-}
 86924 | Zig:9    | Entered Level 9 of a ziggurat
 86943 | Zig:9    | Identified the ring "Gelaun" {rElec rPois rN++ MP-9 Str+4}
 86968 | Zig:10   | Entered Level 10 of a ziggurat
 86977 | Zig:10   | Noticed an ancient lich
 86978 | Zig:10   | Found the +8 trishula "Condemnation" {holy, anguish, *Noise
                  | Fly rN+}
 86980 | Zig:10   | Killed an ancient lich
 87030 | Zig:10   | Identified the +5 falchion "Feotym" {speed, Will++ Str-4}
 87055 | Zig:11   | Entered Level 11 of a ziggurat
 87141 | Zig:12   | Entered Level 12 of a ziggurat
 87156 | Zig:12   | Noticed Limiekh the pandemonium lord
 87157 | Zig:12   | Noticed Hepn the pandemonium lord
 87157 | Zig:12   | Noticed Rogrienih the pandemonium lord
 87159 | Zig:12   | Reached skill level 27 in Translocations
 87165 | Zig:12   | Killed Hepn the pandemonium lord
 87167 | Zig:12   | Killed Limiekh the pandemonium lord
 87177 | Zig:12   | Killed Rogrienih the pandemonium lord
 87178 | Zig:12   | Reached skill level 27 in Spellcasting
 87178 | Zig:12   | Reached skill level 1 in Air Magic
 87178 | Zig:12   | Reached skill level 1 in Earth Magic
 87380 | Zig:12   | Identified the +6 eveningstar of Eternal Harmony {pain,
                  | Int+6 Stlth+}
 87382 | Zig:12   | Identified the staff of Pestilence {*Slow rF+ rC++ rN+
                  | Necro}
 87383 | Zig:12   | Identified the staff of Lasinase {*Corrode rC+ Str+8 Int-2
                  | Necro Ice}
 87531 | Hell     | Learned a level 8 spell: Maxwell's Capacitive Coupling
 87532 | Geh:1    | Entered Level 1 of Gehenna
 87784 | Geh:2    | Noticed a dread lich
 87791 | Geh:2    | Killed a dread lich
 87832 | Geh:2    | You are sucked into a shaft and drop 1 floor!
 87854 | Geh:3    | Noticed an ancient lich
 87858 | Geh:3    | Reached skill level 5 in Air Magic
 87858 | Geh:3    | Reached skill level 5 in Earth Magic
 87863 | Geh:3    | Killed an ancient lich
 88713 | Geh:6    | Noticed an ancient lich
 88720 | Geh:6    | Killed an ancient lich
 88863 | Geh:7    | Entered Level 7 of Gehenna
 89435 | Geh:7    | Learned a level 3 spell: Swiftness
 90131 | Geh:7    | Identified the ring "Piwyo" {rF+ rC+ rN+ Slay+2}
 90441 | Geh:7    | Found the +13 sceptre of Asmodeus
 90441 | Geh:7    | Noticed Asmodeus
 90453 | Geh:7    | Killed Asmodeus
 90454 | Geh:7    | Reached skill level 10 in Air Magic
 90454 | Geh:7    | Reached skill level 10 in Earth Magic
 90511 | Geh:7    | Got an obsidian rune of Zot
 91109 | Zot:5    | Got the Orb of Zot
 91124 | Zot:5    | Noticed Luirib the pandemonium lord
 91133 | Zot:5    | Killed Luirib the pandemonium lord
 91449 | Depths:3 | Identified the +3 robe "Arghasepali" {rC+++ Regen+ Int+4}
 91449 | Depths:3 | Noticed Boris
 91478 | Depths:1 | Noticed Fufot the pandemonium lord
 91484 | Depths:1 | Killed Fufot the pandemonium lord
 91681 | D:8      | Noticed Wawkatt the pandemonium lord
 91689 | D:8      | Killed Wawkatt the pandemonium lord
 91769 | D:3      | Noticed Teadas the pandemonium lord
 91775 | D:3      | Killed Teadas the pandemonium lord
 91815 | D:2      | Noticed Ituacw the pandemonium lord
 91828 | D:2      | Killed Ituacw the pandemonium lord
 91897 | D:$      | Escaped with the Orb!

Illustrated notes

Levels and vault maps discovered:
D:1:      dpeg_arrival_arbitrary_b, layout_loops_cross,
          chequers_ecumenical_altar_simple_redux, kennysheep_boxes
D:2:      layout_loops_ring, serial_shops, shop
D:3:      layout_loops_corners, lemuel_coloured_pillars_altar,
          mainiacjoe_overflow_cross_hatched, nicolae_overflow_two_pavilions,
          amcnicky_mini_pool_small
D:4:      layout_gridville, amcnicky_altar_gilded, nicolae_shop_i_like_big_books
D:5:      layout_rooms, minmay_temple_entry_tees, nicolae_ossuary_entry_giza,
          uniq_grinder
D:6:      layout_gridville, mainiacjoe_overflow_24_doors
D:7:      layout_basic, serial_shops, nicolae_shop_back_alley_shop
D:8:      cheibrodos_shockbox, layout_gridville, fiery_altar_vehumet
D:9:      layout_loops_ring, serial_shops, shop, shop,
          nicolae_shop_gibbet_a_chance
D:10:     layout_long_grid, chequers_temple_overflow_minitemple,
          minmay_orc_entry_guard_dogs
D:11:     wad_cavern_with_rooms, layout_gridville, lair_entry_dummy
D:12:     layout_irregular_city
D:13:     layout_roguey, skrybe_vaults_entry_preservation, st_stairs_13,
          nicolae_wooded_promenade, hex_intersection
D:14:     layout_loops_ring, nicolae_cairo_tiling_large_dashed, serial_shops,
          shop
D:15:     hangedman_depths_entry_civil_slaughter, layout_basic, serial_shops,
          nicolae_shop_window_shopping, shop, nicolae_shop_window_shopping,
          shop, nicolae_concentric_dashed_squares_mild, minmay_orc_keep,
          uniq_roxanne, uniq_agnes
Temple:   hellmonk_temple_beads
Lair:1:   layout_regular_city, uniq_maggie
Lair:2:   layout_gridlike, columned_hall_lemuel, infiniplex_staircase_pool_2
Lair:3:   layout_cave_pods, skrybe_swamp_entry_bodies,
          nicolae_spider_entry_lesser_pyramids, grunt_megastairs_5,
          lemuel_fruit_tree
Lair:4:   layout_regular_city, grunt_megastairs_2, uniq_kirke
Lair:5:   gammafunk_lair_ancient_temple, layout_hall_layers,
          minmay_slime_entry_eyes, chequers_serial_rivers_micro_b,
          serial_bayou_pond_a, chequers_serial_rivers_small_3,
          lemuel_fruit_fields
Swamp:1:  layout_basic_swamp, ebering_ghost_inner_flame,
          evilmike_swamp_ruin_house_4, nicolae_swamp_long_stream
Swamp:2:  layout_basic_swamp, serial_swamp_ruin, evilmike_swamp_ruin_house_3,
          evilmike_swamp_ruin_house_2, swamp_pool_1_2, infiniplex_staircase_pool
Swamp:3:  layout_basic_swamp, evilmike_swamp_ruin_house_1,
          nicolae_swamp_reclaimed_castle, swamp_pool_4
Swamp:4:  byrel_swamp_growth_death_and_undeath, layout_basic_swamp
Spider:1: layout_spider_delve, drop_trap
Spider:2: layout_spider_delve
Spider:3: layout_spider_delve, uniq_aizul, uniq_arachne
Spider:4: spider_rune_water, ebering_ghost_disaster_area, uniq_donald
Slime:1:  layout_caves
Slime:2:  layout_caves, dissolution_awaits
Slime:3:  layout_caves, nicolae_slime_rock_hall_of_fame
Slime:4:  layout_caves
Slime:5:  slime_pit_nicolae_jellycorners
Orc:1:    layout_caves
Orc:2:    st_orc_ogre_mass, layout_caves, basic_altar, special_room
Elf:1:    layout_rooms, nicolae_elf_altarnating, chequers_big_river
Elf:2:    elven_hall_of_blades_hangedman_alternative
          [nicolae_blade_entry_splitting_headache], layout_geoelf_octagon,
          nicolae_elf_big_sculpture_2, drop_trap
Elf:3:    minmay_elf_hall_x, layout_loops_cross, minmay_shoptagon, uniq_boris
Vaults:1: vaults_standard_mumra_enter_the_diamond,
          nicolae_vaults_closet_pinwheel_6, nicolae_vaults_sightless_eye,
          v_misc_11, nicolae_vaults_variable_pillar_hall,
          nicolae_vaults_variable_pillar_hall_cross, grunt_vaults_trifunnel,
          nicolae_vaults_display_case, hangedman_vaults_stretched_pinwheel,
          v_pattern_5, nicolae_vaults_little_squares_1,
          ontoclasm_vaults_misaligned, layout_vaults_ring, uniq_asterion,
          uniq_saint_roka
Vaults:2: minmay_crypt_entry_skeletal_spiral, nicolae_vaults_asterisk,
          nicolae_vaults_more_shelving_1, v_misc_8, nicolae_vaults_what_the_h,
          nicolae_vaults_heist, layout_vaults_quadrants
Vaults:3: v_pattern_3, fort_yaktaur, nicolae_vaults_heart-shaped_vault,
          grunt_vaults_hallway_long, nicolae_vaults_more_shelving_2,
          nicolae_vaults_wrenched, dpeg_vaults_monster_box, v_rooms_3,
          layout_vaults_omnicross, serial_shops, bzr_entry_dummy, uniq_mennas
Vaults:4: nicolae_vaults_antechamber_and_loot_room,
          nicolae_vaults_trapezoid_lopsided_1, v_misc_11,
          ontoclasm_vaults_ring_small, v_pattern_2,
          nicolae_vaults_taking_the_gang_shopping, nicolae_vaults_apartment_2,
          nicolae_vaults_tetromino_Z_1, nicolae_vaults_surprise_closet,
          layout_vaults_chaotic_city, uniq_zenata
Vaults:5
Crypt:1:  layout_misc_corridors
Crypt:2:  layout_misc_corridors, uniq_vv, uniq_grunn
Crypt:3:  lightli_unholy_cathedral, layout_chaotic_city, mu_enter_wizlab_5
Tomb:1
Tomb:2
Tomb:3
Depths:1: layout_roguey, enter_ziggurat_c, pf_coc_iceberg,
          minmay_misc_feat_more_columns, nzn_hepliaklqana_mist_gate
Depths:2: regret_index_dithmenos_penumbral_divide, layout_basic, hell_entry,
          rand_demon_pan_entry_1, abyss_entry, fedhas_altar_1,
          infiniplex_staircase_zigzag_2
Depths:3: regret_index_uskayaw_diablada_macabre, layout_gridville,
          infiniplex_staircase_star, abyss_entry_small_statue_room, hell_entry,
          pan_entry, grunt_megastairs_3
Depths:4: grunt_zot_entry_gee_three, layout_basic, rand_demon_pan_entry_7,
          serial_shops, shop, pf_dread_powers_of_hell, nrook_mini_vaults,
          nicolae_ashenzari_skybound, serial_bayou_shore_b
Hell
Dis:1:    layout_gridville, lemuel_dis_dragons
Dis:2:    layout_gridville, nicolae_dis_bowling_alley
Dis:3:    layout_overlapping_boxes
Dis:4:    layout_regular_city
Dis:5:    layout_regular_city
Dis:6:    layout_overlapping_boxes, nicolae_dis_scattering
Dis:7:    iron_city_of_dis [dis_old, dis_wall_1], layout_gridville
Geh:1:    layout_gehenna_lava_caves
Geh:2:    layout_gehenna_lava_caves
Geh:3:    layout_gehenna_lava_caves
Geh:4:    layout_gehenna_pools_triple
Geh:5:    layout_gehenna_pools_basic, nicolae_hells_fiendish_ambush
Geh:6:    layout_gehenna_lava_caves
Geh:7:    geh_grunt_pentagon
Coc:1:    nicolae_coc_caina, layout_ice_bergs
Coc:2:    layout_cocytus_water_paths
Coc:3:    layout_cocytus_water_paths
Coc:4:    layout_cocytus_delve
Coc:5:    layout_cocytus_water_paths
Coc:6:    nicolae_coc_ice_floe, layout_ice_bergs, serial_ice, serial_ice_b
Coc:7:    coc_old
Tar:1:    layout_catacombs
Tar:2:    layout_catacombs, nicolae_tar_cuneiform_city,
          nicolae_tar_cuneiform_heaven
Tar:3:    layout_grid_maze
Tar:4:    layout_grid_maze, nicolae_tar_spectre_spectrum
Tar:5:    layout_grid_maze
Tar:6:    layout_honeycomb, nicolae_tar_cuneiform_three
Tar:7:    tar_mu [tar_mu_maze]
Zot:1:    grunt_zot_stairs_faceoff, layout_basic
Zot:2:    layout_cathedral_of_symmetry
Zot:3:    layout_cathedral_of_symmetry, hangedman_zot_wheel_spokes
Zot:4:    layout_basic, amethyst_zot_foddershock,
          regret_index_zotdec_twisting_globes
Zot:5:    layout_twisted_circle

Skill      XL: |  1  2  3  4  5  6  7  8  9 10 11 12 13 14 15 16 17 18 19 20 21 22 23 24 25 26 27 |
---------------+----------------------------------------------------------------------------------+-----
Fighting       | 2 3 4 5 6 8 11 12 13 15 17 18 19 20 21 22 24 27 | 27.0
Unarmed Combat | 4 5 7 9 10 13 15 16 18 19 20 21 22 23 25 27 | 27.0
Shapeshifting  | 4 5 6 7 10 13 16 18 21 22 23 24 25 27 | 27.0
Dodging        | 5 7 10 12 14 15 27 | 27.0
Spellcasting   | 27 | 27.0
Translocations | 27 | 27.0
Air Magic      | 11 | 11.7
Earth Magic    | 11 | 11.7

Action                     |  1- 3 |  4- 6 |  7- 9 | 10-12 | 13-15 | 16-18 | 19-21 | 22-24 | 25-27 || total
---------------------------+-------+-------+-------+-------+-------+-------+-------+-------+-------++-------
  Melee: Unarmed           |    47 |    62 |   183 |   437 |   766 |   575 |   988 |   838 |  4394 ||  8290
         Constrict         |    10 |    13 |    32 |    81 |   158 |    68 |   186 |   137 |   275 ||   960
         Tentacles         |    11 |    15 |    37 |    55 |    40 |   158 |   320 |   224 |   459 ||  1319
         Punch             |     1 |     2 |     6 |    17 |    23 |    74 |   164 |   150 |   918 ||  1355
         Kick              |       |       |       |       |       |       |       |       |   163 ||   163
 Invoke: Sacrifice Essence |       |       |     1 |       |     1 |       |       |       |       ||     2
         Sacrifice Love    |       |       |       |     1 |       |       |       |       |       ||     1
         Draw Out Power    |       |       |       |     2 |     1 |     2 |       |     3 |     1 ||     9
         Sacrifice Stealth |       |       |       |     1 |       |       |       |       |       ||     1
         Sacrifice Purity  |       |       |       |     1 |       |       |       |       |       ||     1
         Sacrifice Artific |       |       |       |     1 |       |       |       |       |       ||     1
         Sacrifice Arcana  |       |       |       |       |     1 |       |       |       |       ||     1
         Apocalypse        |       |       |       |       |     2 |     4 |     4 |     9 |    22 ||    41
         Power Leap        |       |       |       |       |       |       |       |       |     1 ||     1
Ability: Blinkbolt         |       |       |       |       |       |       |       |       |    35 ||    35
  Evoke: Wand              |       |       |       |    15 |       |       |       |       |       ||    15
         Figurine of a zig |       |       |       |       |       |       |       |       |     1 ||     1
    Use: Potion            |     1 |     3 |     1 |     5 |     2 |     3 |     4 |     8 |    58 ||    85
         Scroll            |       |     2 |     2 |    15 |     6 |     8 |     2 |     6 |    31 ||    72
   Stab: Sleeping          |     6 |     9 |     6 |       |       |       |       |       |       ||    21
         Distracted        |       |       |       |     2 |       |     4 |     6 |     9 |    47 ||    68
         Paralysed         |       |       |       |       |     4 |     1 |     5 |     8 |    34 ||    52
         Invisible         |       |       |       |       |     1 |     3 |     5 |    10 |    14 ||    33
         Confused          |       |       |       |       |       |       |       |       |     4 ||     4
 Armour: Skin              |    11 |    38 |    87 |   236 |   335 |   546 |   575 |   394 |   828 ||  3050
  Dodge: Dodged            |    14 |    33 |   128 |   320 |   568 |   977 |  1517 |  1288 |  4931 ||  9776
  Block: Other             |       |       |       |       |    99 |   125 |   240 |    33 |       ||   497
         Reflection        |       |       |       |       |     6 |     2 |    27 |     6 |       ||    41
   Form: Serpent           |       |       |       |     1 |       |       |       |       |       ||     1
         Statue            |       |       |       |       |     1 |       |       |       |     3 ||     4
         Storm             |       |       |       |       |       |       |       |       |     4 ||     4

Table legend: (Time is in decaauts)
 A = Elapsed time spent in this place.
 B = Non-inter-level travel time spent in this place.
 C = Inter-level travel time spent in this place.
 D = Time resting spent in this place.
 E = Time spent auto-exploring this place.
 F = Levels seen in this place.
 G = Mean time per level.
                   A        B        C        D        E       F      G
               +--------+--------+--------+--------+--------+-----+--------+
         Total | 108526 |  96026 |  12500 |   2149 |  75407 | 126 |  861.3 |
       Dungeon |  16711 |  13704 |   3007 |    159 |  11519 |  15 | 1114.1 |
        Temple |     84 |      4 |     80 |      0 |      0 |   1 |   84.0 |
          Lair |   7464 |   6659 |    805 |     67 |   5630 |   5 | 1492.8 |
         Swamp |   4879 |   4708 |    171 |      0 |   3824 |   4 | 1219.8 |
   Spider Nest |   5740 |   5155 |    585 |      0 |   4278 |   4 | 1435.0 |
    Slime Pits |   1013 |    871 |    142 |     56 |    537 |   5 |  202.6 |
  Orcish Mines |   1618 |   1368 |    250 |      0 |   1068 |   2 |  809.0 |
   Elven Halls |   4048 |   3798 |    250 |      0 |   3100 |   3 | 1349.3 |
        Vaults |  12390 |  10148 |   2242 |    223 |   7927 |   5 | 2478.0 |
         Crypt |   3243 |   2782 |    461 |      0 |   2202 |   3 | 1081.0 |
          Tomb |   6052 |   5296 |    756 |      0 |   4162 |   3 | 2017.3 |
        Depths |   7956 |   6474 |   1482 |      0 |   5398 |   4 | 1989.0 |
          Hell |   1021 |    750 |    271 |      0 |    556 |   1 | 1021.0 |
           Dis |   3027 |   2904 |    123 |      8 |   2435 |   7 |  432.4 |
       Gehenna |   3100 |   2887 |    213 |    176 |   2231 |   7 |  442.9 |
       Cocytus |   3036 |   2743 |    293 |   1064 |   1137 |   7 |  433.7 |
      Tartarus |   4145 |   3889 |    256 |      0 |   3394 |   7 |  592.1 |
           Zot |   5702 |   4597 |   1105 |      0 |   3817 |   5 | 1140.4 |
         Abyss |   1214 |   1214 |      0 |     45 |    384 |   6 |  202.3 |
   Pandemonium |  13468 |  13468 |      0 |    350 |   9982 |  18 |  748.2 |
      Ziggurat |    935 |    935 |      0 |      0 |    663 |  12 |   77.9 |
        Bazaar |     53 |     53 |      0 |      0 |     33 |   1 |   53.0 |
        Wizlab |   1616 |   1616 |      0 |      0 |   1125 |   1 | 1616.0 |
               +--------+--------+--------+--------+--------+-----+--------+

Top non-repeatable levels by time:
Depths:4: 3234 daAuts
  Tomb:1: 2985 daAuts
Vaults:4: 2851 daAuts
   Tar:7: 2779 daAuts
Vaults:1: 2673 daAuts
Vaults:2: 2605 daAuts
Vaults:3: 2391 daAuts
    D:11: 2299 daAuts
Spider:2: 2123 daAuts
   Elf:3: 2038 daAuts
Depths:2: 1965 daAuts
  Lair:5: 1927 daAuts
Vaults:5: 1868 daAuts
   Dis:7: 1860 daAuts
Spider:4: 1844 daAuts
